 Dungeon Crawl Stone Soup version 0.27.1-34-g3ba077fa99 (webtiles) character file.

Game seed: 11410867466634510646

15360878 ocehb the Grand Master (level 27, 216/216 HPs)
             Began as a Gnoll Wanderer on Jan 10, 2022.
             Was the Champion of Hepliaklqana.
             Escaped with the Orb
             ... and 15 runes on Jan 13, 2022!
             The game lasted 08:07:44 (102681 turns).

ocehb the Grand Master (Gnoll Wanderer)           Turns: 102681, Time: 08:07:44

Health: 216/216    AC: 25    Str: 24    XL:     27
Magic:  56/56      EV: 20    Int: 39    God:    Hepliaklqana [******]
Gold:   6838       SH: 38    Dex:  9    Spells: 2/76 levels left

rFire    + + +     SeeInvis .     - Unarmed
rCold    + + .     Faith    .   x - +8 tower shield {AC+3}
rNeg     + + .     Spirit   .   O - +4 leather armour "Sointege" {rPois Regen+}
rPois    +         Reflect  +   L - +3 hat of Pondering {ponderous, Will+ MP+10 Int+5}
rElec    .         Harm     .   o - +0 cloak of the Meadowlark {rF+++ Str-2 Int+5}
rCorr    +         Rampage  .   K - +2 pair of gloves {Str+3}
Will     ++++.                  Z - +2 pair of boots of Qizxy {Will+}
Stlth    +++.......             X - amulet "Qizogis" {Reflect rCorr Str+4 Int+4 SH+5}
HPRegen  1.46/turn              G - ring "Pemuganal" {rC+ rN+ Str+3 Int+3 Dex-5}
MPRegen  0.35/turn              S - ring "Xiufrore" {rPois rC+ rN+ Str+6}

@: hasted, studying 2 skills, very quick
A: reduced essence, fangs 1, strong nose, distributed training, claws 1,
deformed body, low mp 1, screaming 1, inhibited regeneration, weak 1, wild magic
1
0: Orb of Zot
}: 15/15 runes: barnacled, slimy, silver, golden, iron, obsidian, icy, bone,
abyssal, demonic, glowing, magical, fiery, dark, gossamer
a: Renounce Religion, Recall Ancestor, Ancestor Identity, Transference, Idealise


You escaped.
You worshipped Hepliaklqana.
Hepliaklqana was exalted by your worship.
You visited 17 branches of the dungeon, and saw 89 of its levels.
You visited Pandemonium 2 times, and saw 17 of its levels.
You visited the Abyss 1 time.
You also visited: Ossuary, Bailey and Wizlab.

You collected 11108 gold pieces.
You spent 4270 gold pieces at shops.

Inventory:

Hand Weapons
 a - the +4 staff of Dispater
   (You took it off Dispater on level 7 of the Iron City of Dis)

   It can be evoked to hurl damnation at the cost of health and magic, with
   strength depending on Evocations skill.
Missiles
 I - 22 silver javelins (quivered)
 J - 9 curare-tipped darts
 R - 13 throwing nets
Armour
 o - the +0 cloak of the Meadowlark (worn) {rF+++ Str-2 Int+5}
   (You found it on level 2 of the Elven Halls)

   Str:       It affects your strength (-2).
   Int:       It affects your intelligence (+5).
   rF:        It renders you almost immune to fire.
 x - a +8 tower shield of protection (worn)
 K - a +2 pair of gloves of strength (worn)
 L - the +3 hat of Pondering (worn) {ponderous, Will+ MP+10 Int+5}
   (You found it on level 3 of the Elven Halls)

   Int:       It affects your intelligence (+5).
   MP:        It affects your magic capacity (+10).
   Will:      It increases your willpower.
 O - the +4 leather armour "Sointege" (worn) {rPois Regen+}
   (You found it on level 7 of Gehenna)

   rPois:     It protects you from poison.
   Regen:     It increases your rate of health regeneration.
 Z - the +2 pair of boots of Qizxy (worn) {Will+}
   (You found it on level 3 of the Lair of Beasts)

   Will:      It increases your willpower.
Jewellery
 G - the ring "Pemuganal" (left hand) {rC+ rN+ Str+3 Int+3 Dex-5}
   (You found it on level 3 of the Elven Halls)

   [ring of positive energy]

   Str:       It affects your strength (+3).
   Int:       It affects your intelligence (+3).
   Dex:       It affects your dexterity (-5).
   rC:        It protects you from cold.
   rN:        It protects you from negative energy.
 S - the ring "Xiufrore" (right hand) {rPois rC+ rN+ Str+6}
   (You found it on level 3 of the Tomb of the Ancients)

   [ring of strength]

   Str:       It affects your strength (+6).
   rC:        It protects you from cold.
   rPois:     It protects you from poison.
   rN:        It protects you from negative energy.
 X - the amulet "Qizogis" (around neck) {Reflect rCorr Str+4 Int+4 SH+5}
   (You found it on level 2 of the Depths)

   [amulet of reflection]

   It reflects blocked missile attacks.
   Str:       It affects your strength (+4).
   Int:       It affects your intelligence (+4).
   rCorr:     It protects you from acid and corrosion.
   SH:        It affects your SH (+5).
Wands
 f - a wand of acid (69)
 m - a wand of iceblast (37)
 p - a wand of paralysis (112)
 P - a wand of digging (14)
Scrolls
 i - 8 scrolls of immolation
 t - 15 scrolls of teleportation
 u - 5 scrolls of silence
 y - 8 scrolls of holy word
 z - 2 scrolls of blinking
 B - 9 scrolls of vulnerability
 C - 2 scrolls of summoning
 N - 2 scrolls of magic mapping
 V - 14 scrolls of fog
Potions
 d - 10 potions of might
 g - 5 potions of ambrosia
 h - 3 potions of haste
 j - 5 potions of flight
 k - 8 potions of lignification
 l - 6 potions of cancellation
 n - 15 potions of attraction
 q - 26 potions of curing
 w - 4 potions of heal wounds
 D - 4 potions of magic
 E - 2 potions of invisibility
 F - 8 potions of brilliance
 Q - 5 potions of resistance
 W - 5 potions of berserk rage
Miscellaneous
 c - the horn of Geryon (inert)
 e - a condenser vane
 s - a box of beasts
 H - a phial of floods
 M - a lightning rod (4/4)
 T - a phantom mirror
 U - a figurine of a ziggurat
 Y - a tin of tremorstones (2/2)


   Skills:
 + Level 24.8 Fighting
 + Level 24.7 Short Blades
 + Level 24.7 Long Blades
 + Level 24.7 Axes
 + Level 24.7 Maces & Flails
 + Level 24.7 Polearms
 + Level 24.7 Staves
 + Level 24.7 Slings
 + Level 24.7 Bows
 + Level 24.8 Crossbows
 + Level 24.8 Throwing
 O Level 27 Armour
 O Level 27 Dodging
 + Level 24.8 Stealth
 + Level 24.7 Shields
 O Level 27 Unarmed Combat
 + Level 25.0 Spellcasting
 + Level 21.5 Conjurations
 + Level 21.5 Hexes
 + Level 21.5 Summonings
 + Level 21.5 Necromancy
 + Level 21.5 Translocations
 + Level 21.5 Transmutations
 + Level 21.5 Fire Magic
 + Level 22.0 Ice Magic
 + Level 21.5 Air Magic
 + Level 21.5 Earth Magic
 + Level 21.5 Poison Magic
 + Level 26.4 Invocations
 + Level 24.7 Evocations


You had 2 spell levels left.
You knew the following spells:

 Your Spells              Type           Power      Damage    Failure   Level
a - Spellforged Servitor  Conj/Summ      68%        N/A       1%          7
b - Shatter               Erth           68%        3d50*     10%         9
c - Ignition              Fire           68%        3d18      1%          8
d - Lehudib's Crystal Sp  Conj/Erth      68%        10d15     1%          8
e - Polar Vortex          Ice            68%        N/A       9%          9
f - Apportation           Tloc           100%       N/A       1%          1
g - Borgnjor's Vile Clut  Necr/Erth      68%        N/A       1%          5
j - Manifold Assault      Tloc           100%       N/A       1%          5
l - Statue Form           Tmut/Erth      90%        N/A       1%          6
s - Ozocubu's Refrigerat  Ice            68%        4d18      1%          7
x - Passage of Golubria   Tloc           N/A        N/A       1%          4
z - Blink                 Tloc           N/A        N/A       1%          2
F - Lesser Beckoning      Tloc           68%        N/A       1%          3

Your spell library contained the following spells:

 Spells                   Type           Power      Damage    Failure   Level
 Animate Skeleton         Necr           100%       N/A       1%          1
 Beastly Appendage        Tmut           100%       N/A       1%          1
 Corona                   Hex            100%       N/A       1%          1
 Foxfire                  Conj/Fire      100%       2x1d9     1%          1
 Freeze                   Ice            100%       1d11      1%          1
 Magic Dart               Conj           100%       1d8       1%          1
 Pain                     Necr           100%       1d9       1%          1
 Sandblast                Erth           100%       2d20      1%          1
 Shock                    Conj/Air       100%       1d9       1%          1
 Sting                    Tmut/Pois      100%       1d8       1%          1
 Summon Small Mammal      Summ           100%       N/A       1%          1
 Call Imp                 Summ           100%       N/A       1%          2
 Corpse Rot               Necr/Air       N/A        N/A       1%          2
 Ensorcelled Hibernation  Hex/Ice        100%       N/A       1%          2
 Poisonous Vapours        Pois/Air       100%       N/A       1%          2
 Slow                     Hex            100%       N/A       1%          2
 Static Discharge         Conj/Air       100%       N/A       1%          2
 Wereblood                Tmut           100%       N/A       1%          2
 Call Canine Familiar     Summ           100%       N/A       1%          3
 Confusing Touch          Hex            100%       N/A       1%          3
 Conjure Flame            Conj/Fire      100%       6-21      1%          3
 Dazzling Flash           Conj/Hex       100%       N/A       1%          3
 Frozen Ramparts          Ice            100%       1d12      1%          3
 Gell's Gravitas          Tloc           68%        N/A       1%          3
 Ignite Poison            Fire/Tmut/Pois 100%       N/A       1%          3
 Inner Flame              Hex/Fire       100%       N/A       1%          3
 Mephitic Cloud           Conj/Pois/Air  100%       N/A       1%          3
 Ozocubu's Armour         Ice            100%       N/A       1%          3
 Portal Projectile        Hex/Tloc       100%       N/A       1%          3
 Spider Form              Tmut/Pois      68%        N/A       1%          3
 Stone Arrow              Conj/Erth      100%       3d13      1%          3
 Summon Guardian Golem    Hex/Summ       100%       N/A       1%          3
 Swiftness                Air            100%       N/A       1%          3
 Teleport Other           Tloc           100%       N/A       1%          3
 Tukima's Dance           Hex            100%       N/A       1%          3
 Vampiric Draining        Necr           68%        2d15      1%          3
 Airstrike                Air            68%        N/A       1%          4
 Animate Armour           Summ/Erth      100%       N/A       1%          4
 Animate Dead             Necr           68%        N/A       1%          4
 Cause Fear               Hex            68%        N/A       1%          4
 Dispel Undead            Necr           100%       3d31      1%          4
 Fulminant Prism          Conj/Hex       68%        3d28      1%          4
 Hailstorm                Conj/Ice       100%       3d20      1%          4
 Ice Form                 Ice/Tmut       100%       N/A       1%          4
 Iskenderun's Mystic Bla  Conj/Tloc      100%       2d19      1%          4
 Leda's Liquefaction      Hex/Erth       68%        N/A       1%          4
 Olgreb's Toxic Radiance  Pois           100%       N/A       1%          4
 Petrify                  Tmut/Erth      100%       N/A       1%          4
 Sticky Flame             Conj/Fire      100%       2d11      1%          4
 Summon Ice Beast         Ice/Summ       100%       N/A       1%          4
 Summon Lightning Spire   Summ/Air       100%       N/A       1%          4
 Agony                    Necr           100%       N/A       1%          5
 Alistair's Intoxication  Tmut/Pois      90%        N/A       1%          5
 Bolt of Magma            Conj/Fire/Erth 68%        4d26      1%          5
 Excruciating Wounds      Necr           68%        N/A       1%          5
 Freezing Cloud           Conj/Ice/Air   68%        6-21      1%          5
 Iskenderun's Battlesphe  Conj           100%       2d15      1%          5
 Lee's Rapid Deconstruct  Erth           68%        3d32*     1%          5
 Lightning Bolt           Conj/Air       68%        1d92      1%          5
 Metabolic Englaciation   Hex/Ice        68%        N/A       1%          5
 Silence                  Hex/Air        68%        N/A       1%          5
 Summon Forest            Summ/Tloc      68%        N/A       1%          5
 Summon Mana Viper        Hex/Summ       100%       N/A       1%          5
 Yara's Violent Unravell  Hex/Tmut       68%        3d25      1%          5
 Conjure Ball Lightning   Conj/Air       68%        3x3d25    1%          6
 Death Channel            Necr           68%        N/A       1%          6
 Dispersal                Tloc           68%        N/A       1%          6
 Invisibility             Hex            68%        N/A       1%          6
 Iron Shot                Conj/Erth      68%        9d13      1%          6
 Shadow Creatures         Summ           N/A        N/A       1%          6
 Simulacrum               Ice/Necr       68%        N/A       1%          6
 Starburst                Conj/Fire      68%        6d18      1%          6
 Dragon Form              Tmut           68%        N/A       1%          7
 Haunt                    Necr/Summ      68%        N/A       1%          7
 Malign Gateway           Summ/Tloc      68%        N/A       1%          7
 Monstrous Menagerie      Summ           68%        N/A       1%          7
 Orb of Destruction       Conj           68%        9d18      1%          7
 Storm Form               Tmut/Air       68%        N/A       1%          7
 Summon Hydra             Summ           68%        N/A       1%          7
 Discord                  Hex            68%        N/A       1%          8
 Disjunction              Tloc           68%        N/A       1%          8
 Infestation              Necr           68%        N/A       1%          8
 Maxwell's Capacitive Co  Air            68%        ∞         1%          8
 Summon Horrible Things   Summ           68%        N/A       1%          8
 Dragon's Call            Summ           68%        N/A       10%         9
 Fire Storm               Conj/Fire      68%        8d17      10%         9


Dungeon Overview and Level Annotations

Branches:
Dungeon (15/15)            Temple (0/1) D:4            Lair (6/6) D:8
 Shoals (4/4) Lair:4       Spider (4/4) Lair:2        Slime (5/5) Lair:6
    Orc (2/2) D:9             Elf (3/3) Orc:2        Vaults (5/5) D:13
  Crypt (3/3) Vaults:2       Tomb (3/3) Crypt:3      Depths (5/5) D:15
   Hell (visited)             Dis (7/7) Hell            Geh (7/7) Hell
    Coc (7/7) Hell            Tar (7/7) Hell            Zot (5/5) Depths:5
Ossuary (visited)          Bailey (visited)          WizLab (visited)

Altars:
Dithmenos
Elyvilon
Fedhas
Hepliaklqana
Kikubaaqudgha
Ru
Sif Muna
Uskayaw
Vehumet
Xom
Zin
The Shining One
Beogh
Lugonu

Shops:
D:3 [(!   D:4 *   D:8 :   D:10 *   Orc:2 *:*:   Shoals:1 :   Shoals:2 :
Shoals:4 *   Vaults:2 *   Vaults:5 [   Depths:1 (   Depths:3 *!   Depths:4 =

Portals:
Hell: Depths:1 Depths:2 Depths:3 Depths:4 Depths:5
Abyss: Depths:1 Depths:4
Pandemonium: Depths:3 Depths:5
Ziggurat: Depths:1
Trove: Vaults:4 (give 6 scrolls of blinking)


Innate Abilities, Weirdness & Mutations

Your life essence is reduced to manifest your ancestor. (-10% HP)
You have very sharp teeth.
Your uncanny sense of smell can sniff out nearby items.
Your experience applies equally to all skills.
You have sharp fingernails.
Armour fits poorly on your strangely shaped body.
Your magical capacity is low. (-10% MP)
You occasionally shout uncontrollably at your foes.
You do not regenerate when monsters are visible.
You are weak. (Str -2)
Your spells are a little harder to cast, but a little more powerful.


Message History

You feel stronger.
Magic restored.
An infernal demonspawn comes into view.
It is wielding a +1 vampiric demon trident.
You feel yourself speed up.
Casting: Statue Form (safe; 1% risk of failure)
Confirm with . or Enter, or press ? or * to list all spells.
Okay, then.
Okay, then.
Okay, then.
Casting: Statue Form (safe; 1% risk of failure)
Confirm with . or Enter, or press ? or * to list all spells.
Okay, then.
You enter the shallow water.
Moving in this stuff is going to be slow.
Why would you want to do that?
Unknown command.
Blink to where?
Press: ? - help, Dir - move target
As you read the scroll of blinking, it crumbles to dust.
Blink to where?
Press: ? - help, Dir - move target
As you read the scroll of blinking, it crumbles to dust.
Casting: Statue Form (safe; 1% risk of failure)
Confirm with . or Enter, or press ? or * to list all spells.
Okay, then.
Blink to where?
Press: ? - help, Dir - move target, f - you
Okay, then.
Casting: Statue Form (safe; 1% risk of failure)
Confirm with . or Enter, or press ? or * to list all spells.
Okay, then.
Unknown command.
Unknown command.
Blink to where?
Press: ? - help, Dir - move target
As you read the scroll of blinking, it crumbles to dust.
Blink to where?
Press: ? - help, Dir - move target
As you read the scroll of blinking, it crumbles to dust.
You have escaped!

♣♣♣♣♣♣ ♣♣♣♣
♣♣♣♣♣♣P.♣P♣♣♣ ♣♣≈≈♣
♣♣...P..♣....♣♣♣≈≈≈♣
♣♣..@..♣♣♣♣♣.♣.♣♣♣≈≈≈
♣......♣ ♣♣§♣♣ ♣♣♣≈
♣♣♣..♣.♣ ♣♣.♣ ♣♣
♣♣..♣♣ ♣♣.♣♣ ♣♣.♣♣
♣.♣♣ ♣..♣ ♣..♣♣♣ ♣.♣♣
♣♣♣..♣♣ ♣ ♣.♣ ♣♣♣§♣♣
♣♣ ♣.♣♣♣ ♣♣.♣♣♣.


There were no monsters in sight!

Vanquished Creatures
  Cerebov (Pan)
  the Royal Jelly (Slime:5)
  Asmodeus (Geh:7)
  Gloorx Vloq (Pan)
  Dispater (Dis:7)
  2 ancient liches (Tar:6)
  3 dread liches
  An orb of fire (Zot:2)
  Mara (Elf:3)
  A juggernaut (Depths:4)
  Sojobo (Depths:5)
  35 royal mummies
  13 shard shrikes
  Geryon (Hell)
  A curse toe (Zot:4)
  3 caustic shrikes (Depths:5)
  7 golden dragons
  the Enchantress (Depths:5)
  Jory (Vaults:5)
  3 pandemonium lords (Pan)
  16 bone dragons
  Nikola (Depths:1)
  Arachne (Spider:2)
  14 doom hounds
  30 Tzitzimimeh
  32 Brimstone Fiends
  A hellephant (Abyss:2)
  7 iron giants
  An electric golem (Zot:1)
  10 Hell Sentinels
  16 Ice Fiends
  8 tentacled monstrosities
  Rupert (Lair:5)
  16 liches
  The ghost of carontestyx the Executioner, an adept HOBe of Trog (Spider:1)
  9 titans
  3 Orb Guardians
  2 deep elf master archers (Elf:3)
  Asterion (Spider:1)
  3 deep elf blademasters
  9 quicksilver dragons
  11 acid blobs
  14 ancient champions
  4 tentacled starspawn
  2 death cobs (Zot:3)
  The ghost of dragonscale333 the Covert, an adept DjFE of Ashenzari (Spider:3)
  6 sphinxes
  The ghost of raph the Phalangite, an adept MiGl of Okawaru (Spider:3)
  5 tengu reavers
  18 Executioners
  A kraken (Shoals:4)
  16 shadow dragons
  Kirke (Shoals:4)
  8 draconian monks
  14 storm dragons
  18 fire giants
  Donald (Orc:2)
  8 rockslimes
  2 revenants (Crypt:2)
  The ghost of PeterMcNeter the Martial Artist, an adept DsFi of Nemelex Xobeh (Spider:3)
  2 daevas (Depths:1)
  7 azure jellies
  7 draconian knights
  39 balrugs
  2 deep elf sorcerers (Elf:3)
  9 frost giants
  4 draconian scorchers
  3 orc warlords
  An emperor scorpion (Spider:4)
  16 cacodemons
  5 ghost moths
  19 vault wardens
  3 draconian stormcallers
  8 iron dragons
  6 curse skulls
  4 warmongers (Pan)
  26 ironbound preservers
  3 deep elf elementalists (Elf:3)
  62 reapers
  The ghost of Palewisp the Bewitcher, an adept SpEn of Sif Muna (Spider:3)
  9 draconian annihilators
  13 ghouls
  4 spriggan defenders (Depths:5)
  7 draconian shifters
  12 stone giants
  18 war gargoyles
  6 blood saints (Pan)
  8 quicksilver oozes (Slime:5)
  34 very ugly things
  12 bennus (Tomb:3)
  10 black draconians
  12 vampire knights
  6 corrupters (Pan)
  4 elemental wellsprings
  3 black suns (Pan)
  9 deep elf demonologists
  7 green draconians
  Azrael (Spider:1)
  7 purple draconians
  11 white draconians
  13 yellow draconians
  5 lorocyprocas
  13 deep elf annihilators
  26 red draconians
  10 spark wasps
  3 dire elephants (Vaults:3)
  10 green deaths
  7 eidola
  7 deep elf death magi
  10 entropy weavers
  5 merfolk javelineers
  25 blizzard demons
  An ettin (shapeshifter) (Depths:2)
  3 crystal guardians
  4 merfolk impalers
  12 ettins
  17 jiangshi
  9 quicksilver dragon zombies
  20 mummy priests
  4 deep elf high priests (Elf:3)
  2 fire dragons (Depths:2)
  19 ice dragons
  2 kraken zombies
  9 ironbound thunderhulks
  4 quicksilver dragon skeletons
  12 rakshasas
  3 boulder beetles
  7 yaktaur captains
  Fannar (D:11)
  4 peacekeepers
  5 monstrous demonspawn (Pan)
  9 great orbs of eyes
  16 centaur warriors
  31 vault guards
  11 spriggan air magi
  A catoblepas (Lair:6)
  9 hydras
  4 hell beasts (Pan)
  10 two-headed ogres
  8 ironbound frosthearts
  3 merfolk avatars
  4 merfolk aquamancers
  A ghost crab (Tar:7)
  6 alligator snapping turtles
  4 death knights
  19 dancing weapons
  36 death scarabs
  5 ironbound beastmasters
  2 satyrs
  A two-headed ogre (shapeshifter) (Vaults:5)
  16 death yaks
  5 deep troll earth magi
  4 deep troll shamans
  13 titan zombies
  3 orc high priests (Orc:2)
  13 vampire magi
  36 hell hogs
  11 tengu warriors
  52 sun demons
  5 spriggan berserkers
  14 thrashing horrors
  7 wretched stars
  68 hell knights
  27 soul eaters
  3 iron golems
  11 deep elf knights
  A goliath frog (Shoals:3)
  98 skeletal warriors
  13 titan skeletons
  6 storm dragon zombies
  15 sixfirhies
  A salamander mystic (Depths:4)
  5 storm dragon skeletons
  4 death drakes
  9 iron trolls
  4 shadow wraiths
  16 shadow demons
  9 anaconda zombies
  A sea snake (shapeshifter) (Depths:4)
  A golden dragon zombie (Geh:7)
  4 torturous demonspawn
  70 deep trolls
  6 sea snakes
  2 fire crabs (Lair:3)
  A ghost moth zombie (Tar:7)
  8 flayed ghosts
  8 glowing orange brains
  A kraken simulacrum (Coc:7)
  5 infernal demonspawn
  27 starcursed masses
  3 golden dragon skeletons
  An orange crystal statue (Elf:3)
  7 shadow dragon zombies
  13 wizards
  11 deep elf archers
  Pikel (D:6)
  2 bog bodies (Crypt:1)
  3 gelid demonspawn
  10 lindwurms
  9 wolf spider zombies
  30 necromancers
  13 orc knights
  19 harpies
  10 anaconda skeletons
  31 deep elf zephyrmancers
  12 ironbound convokers
  25 wolf spiders
  33 phantasmal warriors
  2 tengu skeletons (Vaults:2)
  31 deep elf pyromancers
  9 stone giant zombies
  An orb spider (shapeshifter) (Vaults:5)
  6 orc sorcerers
  11 frost giant zombies
  17 orb spiders
  11 iron dragon zombies
  49 ugly things
  6 fire giant zombies
  7 shadow dragon skeletons
  14 manticores
  3 fauns (Shoals:3)
  5 iron dragon skeletons
  9 cyclopes
  6 shining eyes
  9 merfolk sirens
  A worldbinder (Abyss:2)
  3 salamanders (Depths:4)
  10 elephants
  26 rust devils
  15 vault sentinels
  2 shock serpent zombies
  5 frost giant skeletons
  2 centaur zombies (D:11)
  14 moths of wrath
  4 fire giant skeletons
  12 dire elephant zombies
  34 smoke demons
  3 black mambas (Lair:6)
  4 water nymphs
  Joseph (D:8)
  2 apocalypse crabs (Abyss:3)
  7 stone giant skeletons
  7 molten gargoyles
  A cane toad (shapeshifter) (D:13)
  Maggie (D:9)
  5 ice statues
  8 cane toads
  16 orange demons
  2 shock serpent skeletons
  A minotaur zombie (Dis:6)
  5 rime drakes
  A spriggan zombie (D:15)
  9 dire elephant skeletons
  15 efreet
  6 unseen horrors
  3 torpor snails
  An unseen horror (shapeshifter) (Depths:2)
  2 yaktaur skeletons (Vaults:2)
  An emperor scorpion zombie (Coc:1)
  17 demonic crawlers
  37 hellions
  8 komodo dragons
  40 freezing wraiths
  3 tengu conjurers
  44 tormentors
  The ghost of mtoz the Skirmisher, a novice GrFi (D:5)
  3 sea snake zombies (Hell)
  58 yaktaurs
  A golden dragon simulacrum (Coc:7)
  A kobold demonologist (D:10)
  A black draconian skeleton (Crypt:1)
  2 minotaur skeletons
  55 ice devils
  20 merfolk
  32 guardian mummies
  2 catoblepas skeletons
  10 hydra zombies
  2 ancient zymes
  24 hellwings
  6 silent spectres
  5 harpy zombies
  A wolf spider simulacrum (Tomb:1)
  52 red devils
  3 polar bears
  28 jumping spiders
  10 trolls
  17 hornets
  5 wind drakes
  2 fire giant simulacra
  4 harpy skeletons
  A slime creature (shapeshifter) (Vaults:5)
  66 slime creatures
  A snapping turtle (shapeshifter) (Depths:2)
  7 alligator zombies
  A death drake skeleton (Crypt:1)
  8 hydra skeletons
  7 snapping turtles
  13 dream sheep
  A dream sheep (shapeshifter) (Depths:1)
  8 raiju (Abyss:3)
  15 blink frogs
  8 ettin zombies
  4 fire dragon zombies
  4 hexers
  7 fire dragon skeletons
  143 flying skulls
  A vampire (D:12)
  8 ice dragon zombies
  4 black mamba zombies
  80 redbacks
  An alligator skeleton (Tar:7)
  A frost giant simulacrum (Coc:1)
  6 ettin skeletons
  A guardian serpent skeleton (Crypt:2)
  17 ynoxinuls
  34 water elementals
  3 wyverns
  4 air elementals
  46 shadows
  30 wraiths
  8 ushabtiu
  32 tarantellas
  A dire elephant simulacrum (Crypt:1)
  10 ice dragon skeletons
  37 yaks
  11 spriggans
  3 hogs (Shoals:4)
  3 black mamba skeletons
  21 neqoxecs
  2 fire bats (Lair:3)
  4 golden eyes (Abyss:3)
  35 fire elementals
  A steam dragon (D:6)
  2 elf skeletons
  6 basilisks
  19 chaos spawn
  5 vampire mosquitoes
  5 wargs
  59 large abominations
  A hydra simulacrum (Hell)
  A merfolk zombie (Coc:1)
  51 hell hounds
  6 cane toad zombies
  A floating eye (Depths:2)
  13 water moccasins
  A merfolk skeleton (Crypt:1)
  5 swamp drakes (Depths:3)
  5 human skeletons
  A sky beast (D:5)
  8 ice beasts
  3 black bears
  A manticore zombie (Geh:3)
  5 cane toad skeletons
  54 orc warriors
  2 swamp dragon zombies
  11 ogres
  33 necrophages
  6 snapping turtle zombies
  An alligator simulacrum (Coc:7)
  11 snapping turtle skeletons
  A manticore skeleton (Geh:4)
  16 centaurs
  2 swamp dragon skeletons
  8 phantoms
  A kobold brigand (D:5)
  7 bullfrogs
  4 earth elementals
  A gnoll sergeant (D:9)
  2 wyvern zombies
  A scorpion (D:3)
  Blork the orc (D:5)
  A cane toad simulacrum (Coc:7)
  An elf zombie (Dis:7)
  6 wyvern skeletons (Crypt:3)
  A warg skeleton (Crypt:1)
  A water moccasin skeleton (D:6)
  9 killer bees
  71 wights
  A troll skeleton (Coc:7)
  2 electric eels
  7 crimson imps
  A spriggan skeleton (Geh:5)
  12 howler monkeys
  A demonspawn zombie (Crypt:1)
  A human zombie (Geh:7)
  A jelly (Lair:6)
  28 small abominations
  27 orc priests
  25 iron imps
  A gnoll shaman (D:6)
  2 iguanas
  2 centaur skeletons
  22 orc wizards
  A killer bee zombie (D:8)
  A naga zombie (Geh:1)
  A tengu zombie (Crypt:2)
  A naga skeleton (Coc:7)
  An ogre skeleton (Tar:7)
  A hound skeleton (Crypt:2)
  30 mummies
  6 gnolls
  A river rat (shapeshifter) (Vaults:5)
  5 adders
  14 shadow imps
  24 white imps
  2 ufetubi (Abyss:2)
  A lava snake zombie (Crypt:2)
  An adder skeleton (Crypt:2)
  A worm (D:2)
  2 dart slugs
  84 orcs
  10 endoplasms
  2 giant cockroaches
  2 gnoll zombies (Ossuary)
  8 goblins
  9 hobgoblins
  6 jackals (D:3)
  5 quokkas
  6 ball pythons
  2 bats
  A dart slug zombie (Crypt:2)
  5 frilled lizards
  A gnoll skeleton (Crypt:1)
  A goblin zombie (Ossuary)
  13 kobolds
  3 kobold zombies
  2 orc skeletons
  4 rats (D:1)
  9 fire vortices (Geh:7)
  2 lurking horrors
  5 starspawn tentacles
  8 tentacles
  2 withered plants (Crypt:3)
4584 creatures vanquished.

Vanquished Creatures (collateral kills)
  Antaeus (Coc:7)
  Mnoleg (Pan)
  Lom Lobon (Pan)
  A dread lich (Vaults:5)
  An ancient lich (Vaults:5)
  An orb of fire (Zot:1)
  4 royal mummies
  A shard shrike (Coc:7)
  Frederick (Crypt:3)
  Bai Suzhen (Depths:1)
  Xtahua (Depths:5)
  A bone dragon (Tar:1)
  3 Brimstone Fiends
  7 Tzitzimimeh
  A tentacled monstrosity (Zot:4)
  An electric golem (Zot:3)
  2 iron giants
  An Ice Fiend (Coc:7)
  A lich (Depths:2)
  A titan (Vaults:5)
  A Hell Sentinel (Pan)
  3 Executioners
  3 acid blobs
  A quicksilver dragon (Zot:4)
  2 death cobs
  2 sphinxes (Tomb:1)
  An ancient champion (Dis:7)
  2 shadow dragons (Vaults:5)
  A tengu reaver (Vaults:5)
  A revenant (Abyss:3)
  An azure jelly (Slime:5)
  2 storm dragons
  2 fire giants
  A draconian scorcher (Depths:3)
  3 frost giants
  An iron dragon (Dis:7)
  3 balrugs
  4 vault wardens
  3 cacodemons
  2 deep elf sorcerers (Elf:3)
  3 ghost moths
  2 ghouls
  An angel (Pan)
  2 ironbound preservers
  7 reapers
  A warmonger (Pan)
  A blood saint (Pan)
  A corrupter (Pan)
  7 very ugly things
  2 quicksilver oozes (Slime:5)
  2 stone giants
  A black draconian (Zot:2)
  A vampire knight (Tar:5)
  2 white draconians (Zot:3)
  A lorocyproca (Pan)
  3 yellow draconians
  A spark wasp (Depths:4)
  2 deep elf annihilators (Elf:3)
  4 eidola
  2 deep elf death magi
  A merfolk javelineer (Shoals:3)
  2 quicksilver dragon zombies
  An ettin (Vaults:5)
  A mummy priest (Tomb:1)
  A merfolk impaler (Shoals:1)
  A green death (Dis:7)
  3 fire dragons
  2 jiangshi
  A quicksilver dragon skeleton (Tar:7)
  3 yaktaur captains
  2 great orbs of eyes
  2 hydras
  A boulder beetle (Vaults:1)
  An ogre mage (Vaults:5)
  An ice dragon (Coc:7)
  3 merfolk avatars
  2 centaur warriors
  A deep troll shaman (Depths:1)
  A two-headed ogre (D:11)
  2 death scarabs (Tomb:1)
  A tengu warrior (Depths:1)
  11 dancing weapons
  5 hell hogs
  An orc high priest (Orc:2)
  An ironbound beastmaster (Vaults:2)
  A storm dragon zombie (Dis:7)
  A wretched star (Abyss:2)
  A soul eater (Tar:5)
  A spriggan berserker (Depths:5)
  3 deep elf knights (Elf:2)
  A sun demon (Pan)
  5 hell knights
  2 iron golems (Dis:7)
  6 skeletal warriors
  An iron troll (Dis:7)
  A shadow wraith (Pan)
  A goliath frog (Shoals:3)
  An anaconda zombie (Crypt:3)
  A golden dragon zombie (Coc:7)
  A death drake (D:11)
  2 sixfirhies (Pan)
  11 deep trolls
  A shadow dragon zombie (Tar:7)
  A quicksilver dragon simulacrum (Abyss:3)
  2 sea snakes
  5 deep elf archers
  An ironbound convoker (Vaults:3)
  3 bog bodies (Crypt:1)
  An anaconda skeleton (Geh:1)
  3 necromancers
  5 deep elf pyromancers
  2 deep elf zephyrmancers
  5 phantasmal warriors
  An orb spider (Spider:4)
  2 harpies
  2 shining eyes
  7 wolf spiders
  9 ugly things
  A faun (Shoals:3)
  A cyclops (shapeshifter) (Vaults:5)
  2 frost giant zombies
  A hexer (Depths:5)
  An iron dragon zombie (Abyss:2)
  A moth of wrath (Zot:3)
  3 manticores
  A fire giant skeleton (Tar:7)
  2 cyclopes
  2 water nymphs
  Maurice (D:8)
  A worldbinder (Abyss:3)
  3 elephants
  A black mamba (Lair:6)
  A shock serpent zombie (Tar:7)
  4 smoke demons
  2 merfolk sirens
  3 rust devils
  3 vault sentinels
  A frost giant skeleton (Coc:7)
  A cane toad (Lair:6)
  An efreet (Pan)
  An orange demon (Pan)
  5 large abominations
  2 hellions
  4 yaktaurs
  A catoblepas zombie (Geh:7)
  5 ice devils
  A rime drake (Lair:5)
  10 freezing wraiths
  7 demonic crawlers
  A tengu conjurer (Depths:5)
  2 ancient zymes (Abyss:3)
  3 tormentors
  A komodo dragon (Lair:1)
  2 hellwings (Crypt:3)
  5 red devils
  A grey draconian skeleton (Crypt:1)
  3 hydra zombies
  3 guardian mummies (Tomb:1)
  A wolf spider simulacrum (Crypt:1)
  3 merfolk
  3 hydra skeletons
  11 jumping spiders
  A wind drake (Shoals:4)
  3 hornets
  A raiju (Abyss:3)
  9 slime creatures
  A dream sheep (Shoals:4)
  An ice dragon zombie (Dis:2)
  An alligator zombie (Coc:1)
  14 redbacks
  A satyr skeleton (Crypt:1)
  5 flying skulls
  3 spriggans
  2 shadows
  2 starcursed masses (Abyss:3)
  A ynoxinul (Pan)
  2 tarantellas
  6 water elementals
  6 ushabtiu
  13 yaks
  3 wraiths
  2 ettin skeletons
  A steam dragon (D:7)
  7 fire elementals
  A golden eye (Abyss:2)
  2 basilisks
  A black mamba skeleton (Geh:2)
  A neqoxec (Pan)
  A warg (Orc:1)
  A floating eye (shapeshifter) (Depths:1)
  4 water moccasins
  2 cane toad zombies
  4 hell hounds
  7 orc warriors
  3 black bears
  4 necrophages
  An elephant zombie (Crypt:1)
  2 ogres (Orc:2)
  2 snapping turtle zombies
  2 centaurs
  A small abomination (Abyss:3)
  A phantom (Geh:2)
  2 snapping turtle skeletons
  7 bullfrogs
  A scorpion (D:6)
  An earth elemental (Elf:2)
  A wyvern skeleton (Crypt:3)
  15 wights
  2 killer bees
  2 howler monkeys (D:7)
  2 centaur zombies
  A jelly (Lair:6)
  2 human zombies (Ossuary)
  3 orc priests
  A hound (D:4)
  3 iron imps (Dis:7)
  2 iguanas (D:13)
  6 orc wizards
  A statue (D:7)
  A naga zombie (Geh:3)
  An ogre skeleton (Tar:6)
  5 mummies
  A howler monkey zombie (D:6)
  5 gnolls
  An adder (D:4)
  A shadow imp (Tar:5)
  4 white imps (Coc:7)
  An ufetubus (Abyss:3)
  An adder skeleton (D:4)
  A worm (D:3)
  2 dart slugs (D:3)
  16 orcs
  An endoplasm (D:3)
  A giant cockroach (D:3)
  3 goblins
  A hobgoblin (D:3)
  A jackal (D:1)
  11 kobolds
  A quokka (D:1)
  A ball python (D:2)
  A bat (D:1)
  An orc zombie (Dis:3)
  2 fire vortices (Pan)
611 creatures vanquished.

Vanquished Creatures (others)
  An eldritch tentacle (Pan)
  A frost giant (Depths:2)
  A deep elf sorcerer (Vaults:5)
  An ironbound preserver (Vaults:4)
  A hell beast (Pan)
  A two-headed ogre (D:11)
  A hell knight (Depths:4)
  A sun demon (Pan)
  3 deep elf knights
  A soul eater (Pan)
  A deep troll (Vaults:4)
  A deep elf pyromancer (Elf:2)
  A smoke demon (Pan)
  A troll (D:14)
  A raiju (Abyss:2)
  A shadow (Geh:3)
  A water elemental (Elf:3)
  A fire dragon skeleton (Geh:5)
  An ogre (Orc:2)
  A small abomination (D:3)
  A troll skeleton (Geh:3)
  A wight (D:8)
  100 hexers
  9 ball lightnings (Pan)
  A bush (Lair:5)
  4 demonic plants (Pan)
  3 fire vortices (Pan)
  19 fungi
  A lurking horror (Abyss:3)
  139 plants
  5 starspawn tentacles
  4 tentacles
  16 withered plants
325 creatures vanquished.

Grand Total: 5520 creatures vanquished

Notes
Turn   | Place    | Note
-------+----------+-------------------------------------------
     0 | D:1      | ocehb the Gnoll Wanderer began the quest for the Orb.
     0 | D:1      | ocehb set off with the following items: 26 bolts, a +0 hand
                  | crossbow, a +0 robe; and the following spells available to
                  | memorise: Freeze, Frozen Ramparts, Ozocubu's Armour,
                  | Apportation, Teleport Other, Hailstorm
     0 | D:1      | Reached XP level 1. HP: 17/17 MP: 6/6
     2 | D:1      | Learned a level 1 spell: Apportation
     4 | D:1      | Learned a level 1 spell: Freeze
   130 | D:1      | You fall into a shaft and drop 1 floor!
   165 | D:2      | Reached XP level 2. HP: 23/23 MP: 4/7
   491 | D:2      | Reached XP level 3. HP: 28/28 MP: 6/9
   495 | D:2      | Learned a level 3 spell: Frozen Ramparts
   499 | D:2      | Learned a level 3 spell: Ozocubu's Armour
   569 | D:2      | Found a faded altar of an unknown god.
   579 | D:2      | Became a worshipper of Hepliaklqana the Forgotten
   579 | D:2      | Reached * piety under Hepliaklqana
   588 | D:2      | Reached skill level 5 in Spellcasting
  1013 | D:2      | Found a sacrificial altar of Ru.
  1075 | D:2      | Reached skill level 1 in Invocations
  1558 | D:1      | Reached skill level 1 in Short Blades
  1558 | D:1      | Reached skill level 1 in Long Blades
  1558 | D:1      | Reached skill level 1 in Axes
  1558 | D:1      | Reached skill level 1 in Maces & Flails
  1558 | D:1      | Reached skill level 1 in Polearms
  1558 | D:1      | Reached skill level 1 in Staves
  1558 | D:1      | Reached skill level 1 in Slings
  1558 | D:1      | Reached skill level 1 in Bows
  1558 | D:1      | Reached skill level 1 in Dodging
  1558 | D:1      | Reached skill level 1 in Shields
  1558 | D:1      | Reached skill level 1 in Unarmed Combat
  1558 | D:1      | Reached skill level 1 in Evocations
  1683 | D:1      | Reached XP level 4. HP: 26/30 MP: 11/11
  2518 | D:3      | Found a shadowy altar of Dithmenos.
  2527 | D:3      | Reached ** piety under Hepliaklqana
  2531 | D:3      | Remembered your ancestor Izel as a hexer
  2584 | D:3      | Noticed a scorpion
  2591 | D:3      | Killed a scorpion
  2592 | D:3      | Reached skill level 1 in Conjurations
  2592 | D:3      | Reached skill level 1 in Hexes
  2592 | D:3      | Reached skill level 1 in Summonings
  2592 | D:3      | Reached skill level 1 in Necromancy
  2592 | D:3      | Reached skill level 1 in Translocations
  2592 | D:3      | Reached skill level 1 in Transmutations
  2592 | D:3      | Reached skill level 1 in Fire Magic
  2592 | D:3      | Reached skill level 1 in Air Magic
  2592 | D:3      | Reached skill level 1 in Earth Magic
  2592 | D:3      | Reached skill level 1 in Poison Magic
  2592 | D:3      | Reached XP level 5. HP: 20/36 MP: 5/12
  2790 | D:3      | Found a shimmering blue altar of Sif Muna.
  3013 | D:3      | Found Dadaibos's Antique Weapon Shoppe.
  3216 | D:3      | Learned a level 1 spell: Animate Skeleton
  3261 | D:3      | Found Puits's Antique Armour Shoppe.
  3373 | D:3      | Found Losycweo's Distillery.
  3504 | D:4      | Found Atilues's Overcharged Wands.
  3885 | D:4      | Reached XP level 6. HP: 40/42 MP: 9/13
  4069 | D:4      | Found a staircase to the Ecumenical Temple.
  4083 | D:5      | Entered Level 5 of the Dungeon
  4083 | D:5      | Noticed a black bear
  4083 | D:5      | Noticed a black bear
  4088 | D:5      | Killed a black bear
  4091 | D:5      | Killed a black bear
  4167 | D:5      | Reached XP level 7. HP: 31/46 MP: 9/15
  4344 | D:5      | Noticed Blork the orc
  4354 | D:5      | Killed Blork the orc
  4699 | D:5      | Reached *** piety under Hepliaklqana
  4721 | D:5      | Learned a level 3 spell: Inner Flame
  5101 | D:5      | Identified the +3 leather armour "Beraic" {Regen+ Stlth+}
  5172 | D:5      | Reached XP level 8. HP: 54/54 MP: 9/16
  5252 | D:5      | Learned a level 5 spell: Borgnjor's Vile Clutch
  5405 | D:5      | Found a runed translucent gate.
  5405 | D:5      | Found a runed translucent gate.
  5405 | D:5      | Found a runed translucent gate.
  5408 | D:5      | Noticed mtoz's ghost (novice GrFi)
  5484 | D:5      | Killed mtoz's ghost
  5678 | D:6      | Found a sand-covered staircase.
  5684 | Ossuary  | Entered an ossuary
  6232 | D:6      | Noticed Pikel
  6246 | D:6      | Killed Pikel
  6247 | D:6      | Reached XP level 9. HP: 59/59 MP: 10/18
  6595 | D:6      | Identified the +8 long sword of Iconoclasm {freeze, rC++
                  | Dex-5}
  6821 | D:6      | Reached skill level 5 in Fighting
  6821 | D:6      | Reached skill level 5 in Crossbows
  6821 | D:6      | Reached skill level 5 in Throwing
  6821 | D:6      | Reached skill level 5 in Armour
  6976 | D:6      | Reached skill level 5 in Stealth
  7251 | D:3      | Bought an ancient dagger for 182 gold pieces
  7251 | D:3      | Identified the +6 dagger "Jeodwa Jaan" {vorpal, Dex+4} (You
                  | bought it in a shop on level 3 of the Dungeon)
  7403 | D:7      | Identified the +10 flail of Disintegration {vorpal, *Slow
                  | rElec Str+3 Int+5}
  7493 | D:7      | Found a shimmering altar of Xom.
  7532 | D:7      | Reached skill level 5 in Invocations
  7748 | D:7      | Reached **** piety under Hepliaklqana
  7835 | D:7      | Reached XP level 10. HP: 66/66 MP: 14/20
  8084 | D:7      | Found a radiant altar of Vehumet.
  8279 | D:7      | Reached skill level 5 in Short Blades
  8279 | D:7      | Reached skill level 5 in Long Blades
  8279 | D:7      | Reached skill level 5 in Axes
  8279 | D:7      | Reached skill level 5 in Maces & Flails
  8279 | D:7      | Reached skill level 5 in Polearms
  8279 | D:7      | Reached skill level 5 in Staves
  8279 | D:7      | Reached skill level 5 in Slings
  8279 | D:7      | Reached skill level 5 in Bows
  8279 | D:7      | Reached skill level 5 in Dodging
  8279 | D:7      | Reached skill level 5 in Shields
  8279 | D:7      | Reached skill level 5 in Unarmed Combat
  8279 | D:7      | Reached skill level 5 in Evocations
  8749 | D:8      | Found a hazy altar of Hepliaklqana.
  8829 | D:8      | Noticed Maurice
  8835 | D:8      | Killed Maurice
  9103 | D:8      | Found a glowing golden altar of the Shining One.
  9103 | D:8      | Noticed Joseph
  9110 | D:8      | Found Punnea's Book Shop.
  9126 | D:8      | Killed Joseph
  9310 | D:8      | Found a staircase to the Lair.
  9333 | D:8      | Noticed Harold
  9345 | D:8      | Paralysed by Harold for 5 turns
  9411 | D:8      | Noticed a two-headed ogre
  9453 | D:9      | Reached XP level 11. HP: 73/74 MP: 19/22
  9642 | D:9      | Reached skill level 5 in Conjurations
  9642 | D:9      | Reached skill level 5 in Hexes
  9642 | D:9      | Reached skill level 5 in Summonings
  9642 | D:9      | Reached skill level 5 in Necromancy
  9642 | D:9      | Reached skill level 5 in Translocations
  9642 | D:9      | Reached skill level 5 in Transmutations
  9642 | D:9      | Reached skill level 5 in Fire Magic
  9642 | D:9      | Reached skill level 5 in Air Magic
  9642 | D:9      | Reached skill level 5 in Earth Magic
  9642 | D:9      | Reached skill level 5 in Poison Magic
  9812 | D:9      | Found a staircase to the Orcish Mines.
  9909 | D:9      | Found a blossoming altar of Fedhas.
 10090 | D:9      | Noticed a cyclops
 10103 | D:9      | Killed a cyclops
 10280 | D:9      | Noticed a centaur warrior
 10297 | D:9      | Killed a centaur warrior
 10402 | D:9      | Noticed a two-headed ogre
 10409 | D:9      | Noticed a red ugly thing
 10424 | D:9      | Killed a red ugly thing
 10513 | D:9      | Killed a two-headed ogre
 10556 | D:9      | Noticed a two-headed ogre
 10570 | D:9      | Noticed Maggie
 10581 | D:9      | Killed Maggie
 10976 | D:9      | Killed a two-headed ogre
 11049 | D:9      | Learned a level 6 spell: Invisibility
 11084 | D:10     | Entered Level 10 of the Dungeon
 11113 | D:10     | Noticed a two-headed ogre
 11348 | D:9      | Reached XP level 12. HP: 79/81 MP: 24/24
 11678 | D:10     | Found Urphyheomm's General Store.
 11942 | D:10     | Killed a two-headed ogre
 12433 | D:3      | Bought a potion of heal wounds for 70 gold pieces
 12433 | D:3      | Bought a potion of resistance for 140 gold pieces
 12433 | D:3      | Bought a potion of curing for 42 gold pieces
 12588 | D:8      | Noticed Harold
 12588 | D:8      | Harold changed into Harold the centaur
 12592 | D:8      | Killed Harold the centaur
 12946 | D:11     | Noticed a two-headed ogre
 12948 | D:11     | Killed a two-headed ogre
 12988 | D:11     | Found a hide-covered altar of Uskayaw.
 13011 | D:11     | Reached ***** piety under Hepliaklqana
 13220 | D:11     | Noticed a tengu warrior
 13222 | D:11     | Noticed an eight-headed hydra
 13245 | D:11     | Killed a tengu warrior
 13249 | D:11     | Killed an eight-headed hydra
 13249 | D:11     | Noticed a two-headed ogre
 13253 | D:11     | Noticed a two-headed ogre
 13270 | D:11     | Killed a two-headed ogre
 13614 | D:11     | Noticed a two-headed ogre
 13786 | D:11     | Killed a two-headed ogre
 13925 | D:11     | Noticed a two-headed ogre
 13938 | D:11     | Killed a two-headed ogre
 14112 | D:12     | Noticed Fannar
 14112 | D:12     | Noticed a four-headed hydra
 14112 | D:12     | Found a frozen archway.
 14121 | D:11     | Killed Fannar
 14122 | D:11     | Reached XP level 13. HP: 86/88 MP: 21/26
 14217 | Lair:1   | Entered Level 1 of the Lair of Beasts
 14693 | Lair:1   | Identified the +8 rapier of Dithmenos's Scorn {vamp, rC+}
 15315 | Lair:2   | Found a hole to the Spider Nest.
 15342 | Lair:2   | Learned a level 5 spell: Alistair's Intoxication
 15831 | Lair:2   | Learned a level 3 spell: Portal Projectile
 16876 | Lair:2   | Reached skill level 10 in Spellcasting
 17454 | Lair:3   | Found a transporter.
 17498 | Lair:3   | Reached XP level 14. HP: 97/97 MP: 9/28
 17703 | Lair:3   | Found a transporter.
 18628 | Lair:4   | Found a staircase to the Shoals.
 18852 | Lair:5   | Noticed Rupert
 18861 | Lair:5   | Killed Rupert
 18862 | Lair:5   | Reached skill level 10 in Invocations
 18970 | D:8      | Bought an Everburning Encyclopedia for 364 gold pieces
 18975 | D:8      | Learned a level 4 spell: Sticky Flame
 18979 | D:8      | Learned a level 3 spell: Ignite Poison
 20070 | Lair:5   | Reached ****** piety under Hepliaklqana
 20403 | Lair:6   | Entered Level 6 of the Lair of Beasts
 20815 | Lair:6   | Found a staircase to the Slime Pits.
 20818 | Lair:6   | Reached skill level 10 in Fighting
 20818 | Lair:6   | Reached skill level 10 in Crossbows
 20818 | Lair:6   | Reached skill level 10 in Throwing
 20818 | Lair:6   | Reached skill level 10 in Armour
 21202 | Lair:6   | Reached skill level 10 in Stealth
 21239 | Lair:6   | Reached XP level 15. HP: 94/103 MP: 20/29
 21454 | Lair:6   | Identified the +0 plate armour "Xoosoups" {Str+4 Slay+3}
 21461 | Lair:6   | Identified the +1 plate armour of Dawkaesk {rC+ rN+ Regen+
                  | SInv}
 22120 | D:12     | Reached skill level 10 in Ice Magic
 22984 | Lair:3   | Reached skill level 10 in Short Blades
 22984 | Lair:3   | Reached skill level 10 in Long Blades
 22984 | Lair:3   | Reached skill level 10 in Axes
 22984 | Lair:3   | Reached skill level 10 in Maces & Flails
 22984 | Lair:3   | Reached skill level 10 in Polearms
 22984 | Lair:3   | Reached skill level 10 in Staves
 22984 | Lair:3   | Reached skill level 10 in Slings
 22984 | Lair:3   | Reached skill level 10 in Bows
 22984 | Lair:3   | Reached skill level 10 in Dodging
 22984 | Lair:3   | Reached skill level 10 in Shields
 22984 | Lair:3   | Reached skill level 10 in Unarmed Combat
 22984 | Lair:3   | Reached skill level 10 in Evocations
 23048 | Lair:3   | Identified the +2 pair of boots of Qizxy {Will+}
 23196 | Orc:1    | Entered Level 1 of the Orcish Mines
 23495 | Orc:2    | Entered Level 2 of the Orcish Mines
 24110 | Orc:2    | Found Pachuir's Assorted Antiques.
 24145 | Orc:2    | Bought a wand of paralysis (14) for 60 gold pieces
 24152 | Orc:2    | Found Qiahogul's Book Shop.
 24287 | Orc:2    | Noticed Donald
 24299 | Orc:2    | Killed Donald
 24987 | Orc:2    | Noticed an orc warlord
 25019 | Orc:2    | Killed an orc warlord
 25377 | Orc:2    | Found Ibowest's Book Emporium.
 25534 | Orc:2    | Found Kuuso's General Store.
 25836 | Orc:2    | Found a staircase to the Elven Halls.
 25905 | Orc:2    | Found the ring of the Mage {Wiz Will++ Int+3}
 26161 | Orc:2    | Bought the Unrestrained Analects for 528 gold pieces
 26167 | Orc:2    | Learned a level 4 spell: Olgreb's Toxic Radiance
 26624 | D:13     | Identified the +8 battleaxe "Pasaon" {vorpal, rPois Str+3
                  | Int+3}
 26809 | D:13     | Reached XP level 16. HP: 72/111 MP: 17/31
 27067 | D:13     | Found a gate to the Vaults.
 27624 | D:14     | Found a flagged portal.
 27633 | Bailey   | Entered a bailey
 27640 | Bailey   | Identified a scroll of acquirement
 27712 | Bailey   | Found a runed translucent gate.
 27715 | Bailey   | Found a runed translucent gate.
 27717 | Bailey   | Found a runed translucent gate.
 28021 | D:14     | Acquired a +2 hat of intelligence
 28024 | D:14     | Acquired 1040 gold pieces
 28429 | D:14     | Identified the +0 ring mail "Gaag" {Rampage *Slow rF+++}
 29056 | D:8      | Bought Lehudib's Tome of Earth for 672 gold pieces
 29065 | D:8      | Learned a level 6 spell: Statue Form
 29193 | Orc:2    | Bought a scroll of amnesia for 49 gold pieces
 29193 | Orc:2    | Bought a scroll of immolation for 49 gold pieces
 29203 | Orc:2    | Learned a level 7 spell: Ozocubu's Refrigeration
 29397 | D:15     | Entered Level 15 of the Dungeon
 29499 | D:15     | Found a staircase to the Depths.
 30125 | D:15     | Found a sacrificial altar of Ru.
 30928 | Spider:1 | Entered Level 1 of the Spider Nest
 31368 | Elf:1    | Entered Level 1 of the Elven Halls
 31538 | Elf:1    | Reached XP level 17. HP: 117/117 MP: 11/33
 32166 | Elf:1    | Noticed an Executioner
 32175 | Elf:1    | Got the Catalogue of Combat Magic and the Entourage
 33245 | Elf:2    | Identified the +0 cloak of the Meadowlark {rF+++ Str-2
                  | Int+5}
 33555 | Elf:2    | Found a runed translucent gate.
 33555 | Elf:2    | Found a runed translucent gate.
 33555 | Elf:2    | Found a runed translucent gate.
 33628 | Elf:3    | Entered Level 3 of the Elven Halls
 33756 | Elf:3    | Paralysed by an air elemental for 1 turns
 33784 | Elf:3    | Reached skill level 10 in Conjurations
 33784 | Elf:3    | Reached skill level 10 in Hexes
 33784 | Elf:3    | Reached skill level 10 in Summonings
 33784 | Elf:3    | Reached skill level 10 in Necromancy
 33784 | Elf:3    | Reached skill level 10 in Translocations
 33784 | Elf:3    | Reached skill level 10 in Transmutations
 33784 | Elf:3    | Reached skill level 10 in Fire Magic
 33784 | Elf:3    | Reached skill level 10 in Air Magic
 33784 | Elf:3    | Reached skill level 10 in Earth Magic
 33784 | Elf:3    | Reached skill level 10 in Poison Magic
 34454 | Elf:3    | Reached XP level 18. HP: 126/126 MP: 22/34
 35470 | Elf:3    | Noticed Mara
 35484 | Elf:3    | Noticed ocehb's illusion
 35485 | Elf:3    | Killed Mara
 35647 | Elf:3    | Noticed a deep elf blademaster
 35660 | Elf:3    | Killed a deep elf blademaster
 35695 | Elf:3    | Noticed a deep elf master archer
 35729 | Elf:3    | Identified the +2 hand axe of Circularity {elec, rPois
                  | Will- MP+9}
 35729 | Elf:3    | Identified the ring "Pemuganal" {rC+ rN+ Str+3 Int+3 Dex-5}
 35731 | Elf:3    | Identified the ring "Usieptirph" {Wiz rF++}
 35732 | Elf:3    | Identified the amulet "Tenoboll" {Faith Dex+6}
 35732 | Elf:3    | Identified the +2 troll leather armour "Ymucs" {Contam Fly
                  | Will+ Regen+}
 35814 | Elf:3    | Noticed a Brimstone Fiend
 35943 | Elf:3    | Killed a deep elf master archer
 36111 | Elf:3    | Identified the +3 chain mail of the Arcane {rN+ Regen+
                  | Int+2}
 36111 | Elf:3    | Noticed a deep elf blademaster
 36123 | Elf:3    | Killed a deep elf blademaster
 36125 | Elf:3    | Noticed a deep elf master archer
 36129 | Elf:3    | Killed a deep elf master archer
 36241 | Elf:3    | Found the +3 hat of Pondering {ponderous, Will+ MP+10
                  | Int+5}
 36271 | Elf:3    | Got the Grimoire of Igneous Curses
 36544 | Orc:2    | Bought a book of Blasting for 384 gold pieces
 36550 | Orc:2    | Learned a level 5 spell: Lee's Rapid Deconstruction
 36926 | Spider:1 | Noticed Asterion
 36931 | Spider:1 | Killed Asterion
 36934 | Spider:1 | Noticed Azrael
 36942 | Spider:1 | Killed Azrael
 37066 | Spider:1 | You fall into a shaft and drop 1 floor!
 37275 | Spider:2 | Noticed Arachne
 37293 | Spider:2 | Killed Arachne
 37340 | Spider:2 | Reached XP level 19. HP: 133/133 MP: 31/36
 38651 | Spider:1 | Noticed carontestyx's ghost (adept HOBe)
 38653 | Spider:1 | Found a runed translucent gate.
 38653 | Spider:1 | Found a runed translucent gate.
 38653 | Spider:1 | Found a runed translucent gate.
 38757 | Spider:1 | Killed carontestyx's ghost
 39453 | Spider:3 | Identified the ring of Symmetry {Str+6 Stlth+}
 39480 | Spider:3 | Identified the +6 long sword of Okawaru's Scorn {vorpal,
                  | +Rage}
 39633 | Spider:3 | Found a runed translucent gate.
 39633 | Spider:3 | Found a runed translucent gate.
 39633 | Spider:3 | Found a runed translucent gate.
 39635 | Spider:3 | Noticed Palewisp's ghost (adept SpEn)
 39635 | Spider:3 | Noticed raph's ghost (adept MiGl)
 39636 | Spider:3 | Noticed dragonscale333's ghost (adept DjFE)
 39637 | Spider:3 | Noticed PeterMcNeter's ghost (adept DsFi)
 39654 | Spider:3 | Killed Palewisp's ghost
 39655 | Spider:3 | Killed dragonscale333's ghost
 39655 | Spider:3 | Killed raph's ghost
 39661 | Spider:3 | Killed PeterMcNeter's ghost
 39665 | Spider:3 | Identified the +2 pair of boots of the Constellations {+Inv
                  | rC+}
 39778 | Spider:4 | Entered Level 4 of the Spider Nest
 40208 | Spider:4 | Acquired the Catalogue of Earthen Confrontation
 40840 | Spider:4 | Reached XP level 20. HP: 140/140 MP: 9/37
 40985 | Spider:4 | Got a gossamer rune of Zot
 41295 | D:10     | Bought a wand of acid (12) for 320 gold pieces
 41295 | D:10     | Bought the amulet of the Air {Inacc Air Fly rElec RMsl} for
                  | 376 gold pieces
 41295 | D:10     | Found the amulet of the Air {Inacc Air Fly rElec RMsl}
 41467 | Shoals:1 | Entered Level 1 of the Shoals
 41875 | Shoals:1 | Found Nerr's Book Shoppe.
 42287 | Shoals:2 | Found Ullilad's Book Emporium.
 45781 | Shoals:4 | Entered Level 4 of the Shoals
 45799 | Shoals:4 | Found Lysucs's Assorted Antiques.
 46094 | Shoals:4 | Noticed Kirke
 46104 | Shoals:4 | Killed Kirke
 46293 | Shoals:4 | Identified the amulet "Hafacyil" {Spirit Fragile Str+2
                  | Int+4}
 46420 | Shoals:4 | Got a barnacled rune of Zot
 47416 | Vaults:1 | Entered Level 1 of the Vaults
 47724 | Vaults:1 | Identified the +3 spear of Seugov {freeze, rN+}
 47761 | Vaults:1 | Reached XP level 21. HP: 147/147 MP: 39/39
 48423 | Vaults:1 | Reached skill level 15 in Invocations
 49561 | Vaults:2 | Found Koteamita's General Store.
 49565 | Vaults:2 | Bought a scroll of teleportation for 66 gold pieces
 49565 | Vaults:2 | Bought a scroll of fog for 44 gold pieces
 49565 | Vaults:2 | Bought a book of Power for 924 gold pieces
 50164 | Vaults:2 | Found a staircase to the Crypt.
 50352 | Vaults:2 | Reached skill level 15 in Spellcasting
 50354 | Vaults:2 | Reached XP level 22. HP: 91/155 MP: 23/41
 51328 | Vaults:3 | Found a magical portal.
 51333 | WizLab   | Entered Doroklohe's Tomb
 51400 | WizLab   | Learned a level 7 spell: Spellforged Servitor
 52737 | Vaults:4 | Reached skill level 15 in Fighting
 52737 | Vaults:4 | Reached skill level 15 in Crossbows
 52737 | Vaults:4 | Reached skill level 15 in Throwing
 52737 | Vaults:4 | Reached skill level 15 in Armour
 52744 | Vaults:4 | Reached skill level 15 in Stealth
 52929 | Vaults:4 | Reached XP level 23. HP: 162/162 MP: 42/42
 53409 | Vaults:4 | Found a portal to a secret trove of treasure.
 53462 | Vaults:4 | Reached skill level 15 in Short Blades
 53462 | Vaults:4 | Reached skill level 15 in Long Blades
 53462 | Vaults:4 | Reached skill level 15 in Axes
 53462 | Vaults:4 | Reached skill level 15 in Maces & Flails
 53462 | Vaults:4 | Reached skill level 15 in Polearms
 53462 | Vaults:4 | Reached skill level 15 in Staves
 53462 | Vaults:4 | Reached skill level 15 in Slings
 53462 | Vaults:4 | Reached skill level 15 in Bows
 53462 | Vaults:4 | Reached skill level 15 in Dodging
 53462 | Vaults:4 | Reached skill level 15 in Shields
 53462 | Vaults:4 | Reached skill level 15 in Unarmed Combat
 53462 | Vaults:4 | Reached skill level 15 in Evocations
 54538 | Depths:1 | Entered Level 1 of the Depths
 54538 | Depths:1 | Found a gateway to Hell.
 54607 | Depths:1 | Learned a level 8 spell: Lehudib's Crystal Spear
 54776 | Depths:1 | Noticed Nikola
 54785 | Depths:1 | Killed Nikola
 54942 | Depths:1 | Noticed Bai Suzhen
 54952 | Depths:1 | Killed Bai Suzhen
 55229 | Depths:1 | Found a gateway to a ziggurat.
 55690 | Depths:1 | Found Ysoap's Antique Weapon Emporium.
 55714 | Depths:1 | Found a one-way gate to the infinite horrors of the Abyss.
 55895 | Depths:1 | Found a glowing silver altar of Zin.
 56391 | Depths:2 | Found a corrupted altar of Lugonu.
 56540 | Depths:2 | Identified the +1 ring mail "Xoonoqah" {Rampage rC+ Regen+
                  | Int-4}
 56738 | Depths:2 | Reached XP level 24. HP: 143/170 MP: 40/43
 56825 | Depths:2 | Found a transporter.
 56829 | Depths:2 | Found a transporter.
 57076 | Depths:2 | Identified the amulet "Qizogis" {Reflect rCorr Str+4 Int+4
                  | SH+5}
 57463 | Depths:3 | Found Vuon's Distillery.
 57469 | Depths:3 | Found Wiret's General Store.
 57909 | Depths:3 | Found a one-way gate leading to the halls of Pandemonium.
 58400 | Depths:3 | Identified the +3 flail "Xirisel" {vamp, Int+5}
 58509 | Depths:3 | Got the Almanac of Air
 58509 | Depths:3 | Got the Volume of Conjuration
 58838 | Depths:4 | Noticed a juggernaut
 58846 | Depths:4 | Killed a juggernaut
 59058 | Depths:4 | Found a white marble altar of Elyvilon.
 59248 | Depths:4 | Reached XP level 25. HP: 91/177 MP: 5/43
 59806 | Depths:4 | Found Heop's Jewellery Shoppe.
 60023 | Depths:5 | Entered Level 5 of the Depths
 60317 | Depths:5 | Noticed Xtahua
 60329 | Depths:5 | Killed Xtahua
 60888 | Depths:5 | Found a gate to the Realm of Zot.
 61057 | Depths:5 | Noticed Sojobo
 61067 | Depths:5 | Killed Sojobo
 61228 | Depths:5 | Noticed the Enchantress
 61236 | Depths:5 | Reached skill level 15 in Ice Magic
 61237 | Depths:5 | Killed the Enchantress
 62090 | Vaults:5 | Entered Level 5 of the Vaults
 62094 | Vaults:5 | Reached XP level 26. HP: 186/186 MP: 36/44
 62096 | Vaults:5 | Noticed an ancient lich
 62538 | Vaults:5 | Noticed Jory
 62551 | Vaults:5 | Killed Jory
 62842 | Vaults:5 | Identified the ring "Qedghiynu" {Wiz rF+}
 62901 | Vaults:5 | Identified the ring "Beizatob" {Wiz rPois rF++ Str+4
                  | Slay+2}
 62924 | Vaults:5 | Identified the +8 rapier of Premature Burial {flame, rElec
                  | Str+7}
 62939 | Vaults:5 | Identified the +1 war axe "Qyqapt" {vorpal, rN+ Int+4 Dex+2
                  | Stlth-}
 62939 | Vaults:5 | Identified the ring of Courum {rC- AC+4 Dex+7 SInv}
 63219 | Vaults:5 | Killed an ancient lich
 63447 | Vaults:5 | Got the Reference Book on Poisoning and Companions
 63618 | Vaults:5 | Got a silver rune of Zot
 63865 | Vaults:5 | Noticed a dread lich
 63875 | Vaults:5 | Killed a dread lich
 63907 | Vaults:5 | Identified the +2 leather armour of Tartarus {Rampage}
 64056 | Vaults:5 | Reached XP level 27. HP: 193/193 MP: 44/44
 64056 | Vaults:5 | Identified the +4 ring mail of the Eternal Void {rElec
                  | rC+++ Str-3 SInv}
 64132 | Vaults:5 | Got the Volume of Moulding and Toxins
 64150 | Vaults:5 | Identified the +3 plate armour "Laofynur" {rC+}
 64156 | Vaults:5 | Found Viocihud's Armour Shop.
 64369 | Crypt:1  | Entered Level 1 of the Crypt
 64408 | Vaults:2 | Learned a level 8 spell: Ignition
 65001 | Crypt:1  | Reached skill level 15 in Conjurations
 65001 | Crypt:1  | Reached skill level 15 in Hexes
 65001 | Crypt:1  | Reached skill level 15 in Summonings
 65001 | Crypt:1  | Reached skill level 15 in Necromancy
 65001 | Crypt:1  | Reached skill level 15 in Translocations
 65001 | Crypt:1  | Reached skill level 15 in Transmutations
 65001 | Crypt:1  | Reached skill level 15 in Fire Magic
 65001 | Crypt:1  | Reached skill level 15 in Air Magic
 65001 | Crypt:1  | Reached skill level 15 in Earth Magic
 65001 | Crypt:1  | Reached skill level 15 in Poison Magic
 66366 | Crypt:3  | Entered Level 3 of the Crypt
 66663 | Crypt:3  | Noticed Frederick
 66669 | Crypt:3  | Killed Frederick
 67252 | Crypt:3  | Found an ancient bone altar of Kikubaaqudgha.
 67480 | Crypt:3  | Found a staircase to the Tomb.
 67857 | Crypt:3  | Noticed a dread lich
 67862 | Crypt:3  | Killed a dread lich
 68853 | Slime:1  | Entered Level 1 of the Pits of Slime
 68880 | Slime:3  | Gained mutation: You sometimes lose the ability to read
                  | scrolls when taking damage. [a shining eye]
 68881 | Slime:3  | Gained mutation: You are weak. (Str -2) [a shining eye]
 68992 | Slime:5  | Entered Level 5 of the Pits of Slime
 69105 | Slime:5  | Noticed the Royal Jelly
 69120 | Slime:5  | Killed the Royal Jelly
 69418 | Slime:5  | Identified the +5 arbalest of Saypool {flame, rPois Str+4}
 69492 | Slime:5  | Identified the +1 helmet of the Thinker {Harm Will++ rCorr
                  | Int-5}
 69494 | Slime:5  | Got a slimy rune of Zot
 69573 | Slime:2  | Gained mutation: You do not regenerate when monsters are
                  | visible. [a shining eye]
 69650 | Lair:6   | Lost mutation: You are weak. (Str -2) [potion of mutation]
 69650 | Lair:6   | Lost mutation: You do not regenerate when monsters are
                  | visible. [potion of mutation]
 69650 | Lair:6   | Gained mutation: You have sharp toenails. [potion of
                  | mutation]
 69650 | Lair:6   | Gained mutation: You expend magic power (3 MP) to
                  | strengthen your wands. [potion of mutation]
 69651 | Lair:6   | Lost mutation: You sometimes lose the ability to read
                  | scrolls when taking damage. [potion of mutation]
 69651 | Lair:6   | Lost mutation: You expend magic power (3 MP) to strengthen
                  | your wands. [potion of mutation]
 69651 | Lair:6   | Lost mutation: You have sharp toenails. [potion of
                  | mutation]
 69651 | Lair:6   | Gained mutation: You are partially covered in iridescent
                  | scales. (AC +2) [potion of mutation]
 69651 | Lair:6   | Gained mutation: You are frail. (-10% HP) [potion of
                  | mutation]
 69652 | Lair:6   | Lost mutation: You are partially covered in iridescent
                  | scales. (AC +2) [potion of mutation]
 69652 | Lair:6   | Lost mutation: You are frail. (-10% HP) [potion of
                  | mutation]
 69652 | Lair:6   | Gained mutation: Your spells are a little harder to cast,
                  | but a little more powerful. [potion of mutation]
 69652 | Lair:6   | Lost mutation: Your spells are a little harder to cast, but
                  | a little more powerful. [potion of mutation]
 69652 | Lair:6   | Gained mutation: You possess an exceptional clarity of
                  | mind. [potion of mutation]
 70008 | Zot:1    | Entered Level 1 of the Realm of Zot
 70864 | Zot:1    | Noticed an orb of fire
 70868 | Zot:1    | Gained mutation: You expend magic power (3 MP) to
                  | strengthen your wands. [an orb of fire]
 70872 | Zot:1    | Killed an orb of fire
 71536 | Zot:2    | Noticed an orb of fire
 71544 | Zot:2    | Killed an orb of fire
 71909 | Zot:3    | You fall into a shaft and drop 1 floor!
 72401 | Zot:4    | Acquired a book of Lightning
 75384 | Depths:2 | Learned a level 9 spell: Shatter
 75763 | Tomb:1   | Entered Level 1 of the Tomb of the Ancients
 76311 | Tomb:1   | Noticed a royal mummy
 76317 | Tomb:1   | Killed a royal mummy
 76325 | Tomb:1   | Noticed a royal mummy
 76332 | Tomb:1   | Killed a royal mummy
 76555 | Tomb:1   | Noticed a royal mummy
 76555 | Tomb:1   | Noticed a royal mummy
 76556 | Tomb:1   | Noticed a royal mummy
 76560 | Tomb:1   | Killed a royal mummy
 76560 | Tomb:1   | Killed a royal mummy
 76561 | Tomb:1   | Killed a royal mummy
 77239 | Tomb:1   | Noticed a royal mummy
 77324 | Tomb:1   | Noticed a royal mummy
 77326 | Tomb:1   | Noticed a royal mummy
 77328 | Tomb:1   | Noticed a royal mummy
 77329 | Tomb:1   | Killed a royal mummy
 77329 | Tomb:1   | Noticed a royal mummy
 77331 | Tomb:1   | Killed a royal mummy
 77331 | Tomb:1   | Killed a royal mummy
 77331 | Tomb:1   | Noticed a royal mummy
 77334 | Tomb:1   | Killed a royal mummy
 77335 | Tomb:1   | Noticed a royal mummy
 77340 | Crypt:3  | Killed a royal mummy
 77492 | Tomb:1   | Killed a royal mummy
 77492 | Tomb:1   | Noticed a royal mummy
 77493 | Tomb:1   | Killed a royal mummy
 77564 | Tomb:1   | Noticed a royal mummy
 77567 | Tomb:1   | Killed a royal mummy
 77575 | Tomb:1   | Killed a royal mummy
 77629 | Tomb:1   | Noticed a royal mummy
 77730 | Tomb:1   | Killed a royal mummy
 77786 | Tomb:1   | Noticed a royal mummy
 77792 | Tomb:1   | Noticed a royal mummy
 77794 | Tomb:1   | Killed a royal mummy
 77801 | Tomb:1   | Killed a royal mummy
 78424 | Zot:5    | Entered Level 5 of the Realm of Zot
 78998 | Tomb:1   | Noticed a royal mummy
 79009 | Tomb:1   | Killed a royal mummy
 79024 | Tomb:1   | Noticed a royal mummy
 79027 | Tomb:1   | Noticed a royal mummy
 79031 | Tomb:1   | Killed a royal mummy
 79031 | Tomb:1   | Noticed a royal mummy
 79033 | Tomb:1   | Noticed a royal mummy
 79034 | Tomb:1   | Killed a royal mummy
 79034 | Tomb:1   | Noticed a royal mummy
 79038 | Tomb:1   | Killed a royal mummy
 79039 | Tomb:1   | Killed a royal mummy
 79039 | Tomb:1   | Killed a royal mummy
 79039 | Tomb:1   | Noticed a royal mummy
 79040 | Tomb:1   | Noticed a royal mummy
 79047 | Tomb:1   | Killed a royal mummy
 79047 | Tomb:1   | Killed a royal mummy
 79051 | Tomb:1   | Noticed a royal mummy
 79052 | Tomb:1   | Noticed a royal mummy
 79258 | Tomb:1   | Noticed a royal mummy
 79263 | Tomb:1   | Killed a royal mummy
 79272 | Tomb:1   | Killed a royal mummy
 79280 | Tomb:1   | Killed a royal mummy
 79608 | Tomb:1   | Noticed a royal mummy
 79621 | Tomb:1   | Noticed a royal mummy
 79624 | Tomb:1   | Killed a royal mummy
 79628 | Tomb:1   | Killed a royal mummy
 80029 | Tomb:3   | Entered Level 3 of the Tomb of the Ancients
 80071 | Tomb:3   | Noticed a royal mummy
 80071 | Tomb:3   | Noticed a royal mummy
 80231 | Tomb:3   | Killed a royal mummy
 80234 | Tomb:3   | Killed a royal mummy
 80237 | Tomb:3   | Noticed a royal mummy
 80238 | Tomb:3   | Noticed a royal mummy
 80238 | Tomb:3   | Noticed a royal mummy
 80238 | Tomb:3   | Noticed a royal mummy
 80239 | Tomb:3   | Noticed a royal mummy
 80242 | Tomb:3   | Identified the +2 scythe "Riokhi" {elec, Will+ Int+2 Dex+4}
 80259 | Tomb:3   | Identified the ring "Xiufrore" {rPois rC+ rN+ Str+6}
 80260 | Tomb:3   | Noticed a royal mummy
 80268 | Tomb:3   | Killed a royal mummy
 80271 | Tomb:3   | Killed a royal mummy
 80272 | Tomb:3   | Noticed a royal mummy
 80278 | Tomb:3   | Killed a royal mummy
 80283 | Tomb:3   | Killed a royal mummy
 80425 | Tomb:3   | Killed a royal mummy
 80425 | Tomb:3   | Killed a royal mummy
 80425 | Tomb:3   | Killed a royal mummy
 80543 | Tomb:3   | Identified the +0 robe of Day {Int+4}
 80556 | Tomb:3   | Identified the +10 rapier "Wogoz" {venom, rElec Will+++
                  | rCorr Int-5}
 80558 | Tomb:3   | Identified the +4 hand crossbow of Qasany Boni {vorpal, rN+
                  | Dex+3}
 80574 | Tomb:3   | Identified the ring "Gunk" {Fly rC- rCorr Str+3 Int+6}
 80576 | Tomb:3   | Identified the +1 robe of Makhleb {rF+ rN+ Will- Int+3}
 80581 | Tomb:3   | Identified the +1 chain mail "Poic" {rF- rN+ Will++ Dex+3}
 80598 | Tomb:3   | Identified the +3 hand crossbow of the Girdle {venom, Fly
                  | rN+ Dex-5}
 80601 | Tomb:3   | Identified the +5 trident "Vionivuo" {vorpal, rElec rN+
                  | Dex-5 Stlth+}
 80706 | Tomb:3   | Identified the +7 chain mail "Noinnov" {rC- Dex+6}
 80935 | Tomb:3   | Got a golden rune of Zot
 80960 | Tomb:3   | Learned a level 2 spell: Blink
 81277 | Crypt:3  | Identified the ring "Zitisik" {rCorr Str+4}
 81319 | Crypt:3  | Acquired the +7 broad axe of Annihilation {spect, rCorr}
 81717 | Pan      | Entered Pandemonium
 81844 | Pan      | Gained mutation: Your body sometimes deteriorates upon
                  | taking damage. [a cacodemon]
 81851 | Pan      | Noticed Eses the pandemonium lord
 81855 | Pan      | Killed Eses the pandemonium lord
 82216 | Pan      | Noticed Nuovon the pandemonium lord
 82219 | Pan      | Killed Nuovon the pandemonium lord
 82738 | Pan      | Got a demonic rune of Zot
 82777 | Depths:3 | Escaped Pandemonium
 82804 | Hell     | Entered the Vestibule of Hell
 82804 | Hell     | Noticed Geryon
 82837 | Hell     | Killed Geryon
 82856 | Hell     | Found a gateway to the ashen valley of Gehenna.
 82982 | Hell     | Learned a level 3 spell: Lesser Beckoning
 83156 | Hell     | Found a gateway to the decaying netherworld of Tartarus.
 83312 | Hell     | Found a gateway to the freezing wastes of Cocytus.
 83572 | Hell     | Found a gateway to the Iron City of Dis.
 83779 | Geh:1    | Entered Level 1 of Gehenna
 84672 | Depths:1 | Lost mutation: Your body sometimes deteriorates upon taking
                  | damage. [potion of mutation]
 84672 | Depths:1 | Lost mutation: You expend magic power (3 MP) to strengthen
                  | your wands. [potion of mutation]
 84672 | Depths:1 | Gained mutation: You are weak. (Str -2) [potion of
                  | mutation]
 84672 | Depths:1 | Lost mutation: You are weak. (Str -2) [potion of mutation]
 84672 | Depths:1 | Gained mutation: You are agile. (Dex +2) [potion of
                  | mutation]
 86596 | Geh:7    | Entered Level 7 of Gehenna
 87327 | Geh:7    | Found the +7 sceptre of Asmodeus
 87327 | Geh:7    | Noticed Asmodeus
 87643 | Geh:7    | Killed Asmodeus
 87835 | Geh:7    | Got an obsidian rune of Zot
 88002 | Geh:7    | Identified the +3 lajatang "Ynegaquo" {freeze, Int+7}
 88002 | Geh:7    | Identified the ring "Kitingodedi" {rElec AC+4 Int+2 SInv}
 88070 | Geh:7    | Identified the +5 chain mail of Failure {Rampage rF+ Will+}
 88079 | Geh:7    | Identified the +4 leather armour "Sointege" {rPois Regen+}
 88293 | Geh:7    | Identified the +2 great sword of Responsibility {antimagic,
                  | Int+2}
 88296 | Geh:7    | Identified the +1 scale mail "Vez Urar" {*Corrode Dex+5}
 88300 | Geh:7    | Identified the +2 dagger of Ytouwkuo {pain, Will+ Dex+3
                  | Stlth+}
 88303 | Geh:7    | Identified the +2 hat of Fortification {rN++ Int+4 SInv}
 88589 | Coc:1    | Entered Level 1 of Cocytus
 88795 | Coc:1    | You fall into a shaft and drop 1 floor!
 89093 | Coc:7    | Entered Level 7 of Cocytus
 89350 | Coc:7    | Learned a level 4 spell: Passage of Golubria
 89356 | Coc:7    | Learned a level 5 spell: Manifold Assault
 89631 | Coc:7    | Identified the amulet "Hailaes" {Acrobat rElec Dex+3}
 89922 | Coc:7    | Identified the ring "Coof" {rC+ Str+3}
 90574 | Coc:7    | Gained mutation: You are weak. (Str -2) [mutagenic glow]
 90830 | Coc:7    | Identified the +10 rapier "Hamoherph" {drain, rElec}
 90830 | Coc:7    | Noticed Antaeus
 90842 | Coc:7    | Killed Antaeus
 90965 | Coc:7    | Identified the +0 chain mail of Rieloufoysch {rCorr}
 90966 | Coc:7    | Got an icy rune of Zot
 91311 | Dis:1    | Entered Level 1 of the Iron City of Dis
 92459 | Dis:6    | You fall into a shaft and drop 1 floor!
 92459 | Dis:7    | Entered Level 7 of the Iron City of Dis
 93060 | Dis:7    | Found the +4 staff of Dispater
 93060 | Dis:7    | Noticed Dispater
 93082 | Dis:7    | Killed Dispater
 93097 | Dis:7    | Identified the +2 hand axe of Fortitude {flame, rElec rF+}
 93105 | Dis:7    | Got an iron rune of Zot
 93665 | Tar:1    | Entered Level 1 of Tartarus
 94535 | Tar:3    | You fall into a shaft and drop 1 floor!
 94993 | Tar:5    | You fall into a shaft and drop 1 floor!
 95007 | Tar:6    | Found a huge runed gate.
 95026 | Tar:6    | Found a huge runed gate.
 95027 | Tar:6    | Found a huge runed gate.
 95027 | Tar:6    | Found a huge runed gate.
 95027 | Tar:6    | Found a huge runed gate.
 95027 | Tar:6    | Found a huge runed gate.
 95029 | Tar:6    | Found a huge runed gate.
 95029 | Tar:6    | Found a huge runed gate.
 95029 | Tar:6    | Found a huge runed gate.
 95030 | Tar:6    | Found a huge runed gate.
 95055 | Tar:6    | Noticed an ancient lich
 95055 | Tar:6    | Noticed a dread lich
 95055 | Tar:6    | Noticed an ancient lich
 95058 | Tar:6    | Killed a dread lich
 95059 | Tar:6    | Killed an ancient lich
 95059 | Tar:6    | Killed an ancient lich
 95277 | Tar:6    | Reached skill level 27 in Unarmed Combat
 95552 | Tar:7    | Entered Level 7 of Tartarus
 95559 | Tar:7    | Noticed a dread lich
 95574 | Tar:7    | Killed a dread lich
 95821 | Tar:7    | Found the +9 heavy crossbow "Sniper" {vorpal, Acc+∞ SInv}
 95827 | Tar:7    | Got The Last Tome of the Archmage
 95831 | Tar:7    | Got Odauso's Grimoire of Congealing Earth
 95832 | Tar:7    | Identified the +4 scimitar "Rilusoc" {pain, Contam rElec
                  | Will+ rCorr}
 96001 | Tar:7    | Reached skill level 27 in Dodging
 96380 | Tar:7    | Identified the +2 scale mail of Xiecesifaps {rC+ Str+4}
 96615 | Tar:7    | Identified the +0 pair of boots of Monotheism {MP-9 Str+4
                  | Stlth+}
 96731 | Tar:7    | Identified the +6 hand crossbow of Wu Jian's Hope {flame,
                  | Fly Str+4}
 96994 | Tar:7    | Identified the +6 shortbow of Hyisisihe {venom, rF- rN+++
                  | Str-3 Stlth+}
 97123 | Tar:7    | Got a bone rune of Zot
 97348 | Pan      | Entered Pandemonium
 97639 | Pan      | Gained mutation: You are frail. (-10% HP) [a cacodemon]
 98011 | Pan      | Noticed Ucryxuxu the pandemonium lord
 98233 | Pan      | Entered the realm of Cerebov.
 98450 | Pan      | Identified the ring of Zuvar {MP+9 Str+5}
 98453 | Pan      | Found the +6 sword of Cerebov {flame}
 98453 | Pan      | Noticed Cerebov
 98460 | Pan      | Identified the +1 leather armour "Qifi" {rC++}
 98478 | Pan      | Identified the +7 hunting sling of Ruloathri {freeze,
                  | Will+}
 98478 | Pan      | Identified the ring of Kasovi Bugg {rPois rN+}
 98801 | Pan      | Found an exit through the horrors of the Abyss.
 98914 | Pan      | Killed Cerebov
 99073 | Pan      | Identified the +2 helmet of the Kettle-Drum {SInv}
 99085 | Pan      | Identified the +7 falchion "Wikhlup" {protect, rPois rF+++
                  | MP-9}
 99094 | Pan      | Identified the +10 hand crossbow of the Genius {elec, rN+
                  | SInv}
 99113 | Pan      | Got a fiery rune of Zot
 99251 | Pan      | Noticed Estotean the pandemonium lord
 99256 | Pan      | Killed Estotean the pandemonium lord
 99277 | Pan      | Entered the realm of Lom Lobon.
 99291 | Pan      | Noticed Lom Lobon
 99298 | Pan      | Killed Lom Lobon
 99345 | Pan      | Got a magical rune of Zot
 99744 | Pan      | Found an exit through the horrors of the Abyss.
 99768 | Pan      | Entered the realm of Mnoleg.
 99886 | Pan      | Noticed Mnoleg
 99892 | Pan      | Killed Mnoleg
 99935 | Pan      | Got a glowing rune of Zot
100281 | Pan      | Found an exit through the horrors of the Abyss.
100285 | Pan      | Entered the realm of Gloorx Vloq.
100301 | Pan      | Noticed Gloorx Vloq
100306 | Pan      | Killed Gloorx Vloq
100421 | Pan      | Got a dark rune of Zot
100571 | Depths:3 | Escaped Pandemonium
100678 | Depths:4 | Voluntarily entered the Abyss.
100765 | Abyss:2  | Gained mutation: You are very weak. (Str -4) [a cacodemon]
100771 | Abyss:2  | Lost mutation: You possess an exceptional clarity of mind.
                  | [potion of mutation]
100771 | Abyss:2  | Lost mutation: You are frail. (-10% HP) [potion of
                  | mutation]
100771 | Abyss:2  | Gained mutation: You have a pair of small horns on your
                  | head. [potion of mutation]
100771 | Abyss:2  | Lost mutation: You are very weak. (Str -4) [potion of
                  | mutation]
101394 | Abyss:3  | Gained mutation: You tend to lose your temper in combat. [a
                  | shining eye]
101417 | Abyss:3  | Got an abyssal rune of Zot
101452 | Abyss:3  | Found a corrupted altar of Lugonu.
101613 | Abyss:3  | Reached skill level 27 in Armour
101655 | Abyss:3  | Gained mutation: You occasionally shout uncontrollably at
                  | your foes. [a neqoxec]
101686 | Depths:4 | Escaped the Abyss
101688 | Depths:4 | Lost mutation: You are agile. (Dex +2) [potion of mutation]
101688 | Depths:4 | Lost mutation: You tend to lose your temper in combat.
                  | [potion of mutation]
101688 | Depths:4 | Gained mutation: You are partially covered in iridescent
                  | scales. (AC +2) [potion of mutation]
101688 | Depths:4 | Gained mutation: Your mind is acute. (Int +2) [potion of
                  | mutation]
101688 | Depths:4 | Gained mutation: You are strong-willed. (Will+) [potion of
                  | mutation]
101820 | Depths:4 | Learned a level 9 spell: Polar Vortex
102004 | Zot:5    | Noticed a dread lich
102004 | Zot:5    | Noticed an ancient lich
102007 | Zot:5    | Noticed an orb of fire
102007 | Zot:5    | Noticed an orb of fire
102007 | Zot:5    | Noticed an orb of fire
102007 | Zot:5    | Gained mutation: Your spells are a little harder to cast,
                  | but a little more powerful. [an orb of fire]
102007 | Zot:5    | Gained mutation: You do not regenerate when monsters are
                  | visible. [an orb of fire]
102010 | Zot:5    | Got the Orb of Zot
102014 | Zot:5    | Lost mutation: You are partially covered in iridescent
                  | scales. (AC +2) [potion of mutation]
102014 | Zot:5    | Lost mutation: Your mind is acute. (Int +2) [potion of
                  | mutation]
102014 | Zot:5    | Gained mutation: You are frail. (-10% HP) [potion of
                  | mutation]
102014 | Zot:5    | Gained mutation: Your spells are harder to cast, but more
                  | powerful. [potion of mutation]
102014 | Zot:5    | Gained mutation: Armour fits poorly on your strangely
                  | shaped body. [potion of mutation]
102015 | Zot:5    | Lost mutation: Your spells are harder to cast, but more
                  | powerful. [potion of mutation]
102015 | Zot:5    | Lost mutation: You are frail. (-10% HP) [potion of
                  | mutation]
102015 | Zot:5    | Gained mutation: Your magical capacity is low. (-10% MP)
                  | [potion of mutation]
102015 | Zot:5    | Gained mutation: Your spells are harder to cast, but more
                  | powerful. [potion of mutation]
102016 | Zot:5    | Lost mutation: You are strong-willed. (Will+) [potion of
                  | mutation]
102016 | Zot:5    | Lost mutation: You have a pair of small horns on your head.
                  | [potion of mutation]
102016 | Zot:5    | Lost mutation: Your spells are harder to cast, but more
                  | powerful. [potion of mutation]
102016 | Zot:5    | Gained mutation: You have sharp fingernails. [potion of
                  | mutation]
102589 | D:3      | Noticed Istiuruu the pandemonium lord
102681 | D:$      | Escaped with the Orb!

Illustrated notes

Levels and vault maps discovered:
D:1:      kilobyte_arrival_exit_the_forest, layout_loops_cross,
          minmay_tree_intersection, st_stairs_3
D:2:      layout_loops_ring, basic_altar, ebering_ecumenical_altar_abandoned,
          kennysheep_boxes
D:3:      layout_loops_ring, grunt_dithmenos_smoke,
          nicolae_sif_muna_condensation, serial_shops, nicolae_shop_stone,
          nicolae_shop_trees, shop, minmay_fractal_squares_5
D:4:      layout_gridville, minmay_temple_entry_enclosed_plants,
          nicolae_shop_overcharged_wands
D:5:      layout_basic, gammafunk_ghost_nasty_kobolds, uniq_blork_the_orc
D:6:      layout_loops_ring, nicolae_ossuary_entry_plus, uniq_pikel
D:7:      layout_basic, vehumet_statue,
          mainiacjoe_overflow_concentric_impassable
D:8:      layout_loops_ring, mainiacjoe_overflow_paths,
          mainiacjoe_overflow_surrounded_room, lair_entry_dummy, serial_shops,
          shop, uniq_joseph, uniq_harold, uniq_maurice
D:9:      minmay_opposing_rooms, layout_basic, lemuel_crystal_altar,
          david_orc_3, uniq_maggie
D:10:     kennysheep_blocky_hall, layout_cave_pools, serial_shops, shop_statue
D:11:     cheibrodos_fzero, layout_rooms, chequers_decorated_corner,
          nicolae_uskayaw_murder_on_the_dancefloor
D:12:     layout_basic, portal_ice_cave_entry_pillars_1, uniq_fannar
D:13:     layout_cave_pools, david_vaults_4, minmay_lizard_king
D:14:     layout_basic, minmay_staircase_bubble, enter_bailey_8, minmay_orc_keep
D:15:     gammafunk_depths_entry_grave, layout_cave_pods,
          nicolae_ru_path_of_blood
Lair:1:   layout_roguey, st_stairs_12
Lair:2:   layout_hall_layers, spider_nest_entry_web_field
Lair:3:   gammafunk_cloud_chamber, layout_loops_ring
Lair:4:   layout_roguey, minmay_shoals_entry_hut, grunt_megastairs_2
Lair:5:   layout_roguey, infiniplex_staircase_pool_2, uniq_rupert
Lair:6:   hangedman_lair_in_review, layout_loops_ring,
          minmay_slime_entry_pillars
Shoals:1: layout_shoals, nicolae_shoals_c_island
Shoals:2: layout_shoals, serial_shops, shop
Shoals:3: layout_shoals, nicolae_shoals_goliath_grotto
Shoals:4: shoals_end_grunt_ice, layout_shoals, serial_shops, nicolae_shop_stone,
          nicolae_shoals_kraken_intersection, uniq_kirke
Spider:1: layout_spider_delve, gammafunk_ghost_split,
          nicolae_spider_some_kinda_spiderbox, uniq_azrael, uniq_asterion
Spider:2: layout_chambers, nicolae_spider_nook, uniq_arachne
Spider:3: layout_spider_delve, gammafunk_ghost_cemetery,
          hangedman_spider_tarantella_strand
Spider:4: spider_rune_water
Slime:1:  layout_caves
Slime:2:  layout_caves
Slime:3:  layout_caves
Slime:4:  layout_caves
Slime:5
Orc:1:    layout_caves
Orc:2:    pubby_orc_utopia, uniq_donald
Elf:1:    eino_elf_arrival_sip, layout_loops_cross, minmay_elf_sorcery
Elf:2:    nicolae_elf_blades_splatter_lattice
          [nicolae_blade_entry_sentries_behind_glass], layout_geoelf_diagonals,
          minmay_misc_feat_diagonals
Elf:3:    minmay_elf_hall_statues, layout_gridlike, minivault_16,
          grunt_ministairs_11, grunt_megastairs_4, uniq_mara
Vaults:1: vaults_mumra_chevron, hangedman_vaults_cutoff, v_pattern_1,
          grunt_vaults_diagonal, nicolae_vaults_an_arrangement,
          dpeg_vaults_monster_row, vaults_room_hallway, layout_vaults_big_room
Vaults:2: v_misc_4, nicolae_vaults_little_squares_6,
          minmay_crypt_entry_skeletal_spiral, v_rooms_3,
          nicolae_vaults_three_branches, nicolae_vaults_branching_niches,
          hangedman_vaults_nodes, grunt_vaults_swirl, v_misc_8, v_misc_27,
          ontoclasm_vaults_idyll, ontoclasm_vaults_ligature,
          nicolae_vaults_specimen_jars, layout_vaults_ring, serial_shops, shop
Vaults:3: hangedman_vaults_cutoff, v_misc_3, v_misc_18,
          hangedman_vaults_stitches, v_misc_12, v_misc_25, grunt_vaults_bifocal,
          vaults_dpeg_ring, vaults_room_hangedman_quadrants,
          vaults_room_large_hall, nicolae_vaults_network_s,
          ontoclasm_vaults_misaligned, layout_vaults_maze_bifur,
          mu_enter_wizlab_2
Vaults:4: nicolae_vaults_network_barrier, nicolae_vaults_little_squares_6,
          hangedman_vaults_slice, vaults_room_grid, nicolae_vaults_big_ls,
          v_misc_3, grunt_vaults_twisty, ontoclasm_vaults_tryst,
          hangedman_vaults_trim, layout_vaults_omnibox,
          nicolae_trove_entry_crystal
Vaults:5: uniq_jory
Crypt:1:  layout_gridlike, minivault_19, st_stairs_12
Crypt:2:  layout_regular_city
Crypt:3:  evilmike_haunted_forest, uniq_frederick
Tomb:1
Tomb:2
Tomb:3
Depths:1: layout_gridlike, enter_ziggurat_c, minmay_room_of_horrors,
          serial_shops, nicolae_lakefront_shop, hell_entry,
          serial_sigils_hangedman_confine, minmay_door_square, zin_statuary,
          serial_bayou_shore_b, uniq_bai_suzhen, uniq_nikola
Depths:2: gammafunk_corrupted_shrine, layout_basic, grunt_hell_entry_dis_grunt,
          hangedman_decor_clover_reticule, dk_noncrumbling_2,
          infiniplex_staircase_diamond
Depths:3: gold_lair_mu, layout_long_grid, pan_entry, pf_dread_powers_of_hell,
          abandoned_shop, infiniplex_staircase_pillars_1, minmay_shoptagon
Depths:4: grunt_house_of_mirrors, layout_long_grid, serial_shops,
          kennysheep_little_box, hellmouth_1, elyvilon_altar_3, abyss_entry
Depths:5: evilmike_zot_entry_diamond, layout_gridlike,
          grunt_pan_entry_in_and_out, hell_entry, minmay_misc_feat_alley,
          uniq_enchantress, uniq_xtahua, uniq_sojobo
Hell
Dis:1:    layout_chaotic_city
Dis:2:    layout_regular_city
Dis:3:    layout_jigsaw
Dis:4:    layout_jigsaw
Dis:5:    layout_regular_city, nicolae_dis_hell_towers
Dis:6:    layout_regular_city, evilmike_ambush [evilmike_ambush_outer_basic,
          evilmike_ambush_inner_basic]
Dis:7:    dis_grunt_layers
Geh:1:    layout_gehenna_lava_caves
Geh:2:    layout_gehenna_pools_box
Geh:3:    layout_gehenna_lava_caves
Geh:4:    layout_gehenna_lava_caves
Geh:5:    layout_gehenna_pools_triple
Geh:6:    layout_gehenna_lava_caves
Geh:7:    evilmike_geh
Coc:1:    layout_cocytus_delve, grunt_megastairs_5
Coc:2:    layout_cocytus_water_paths
Coc:3:    layout_cocytus_water_paths
Coc:4:    layout_ice_bergs
Coc:5:    layout_cocytus_water_paths
Coc:6:    layout_ice_bergs
Coc:7:    coc_mu
Tar:1:    layout_honeycomb
Tar:2:    layout_catacombs
Tar:3:    layout_grid_maze
Tar:4:    grunt_deathspiral_small, layout_cathedral_of_symmetry
Tar:5:    layout_grid_maze
Tar:6:    layout_honeycomb, door_vault
Tar:7:    tar_old
Zot:1:    lemuel_firehouse, layout_concentric_octagons
Zot:2:    layout_twisted_circle
Zot:3:    layout_twisted_circle
Zot:4:    layout_twisted_circle
Zot:5:    layout_concentric_octagons

Skill      XL: |  1  2  3  4  5  6  7  8  9 10 11 12 13 14 15 16 17 18 19 20 21 22 23 24 25 26 27 |
---------------+----------------------------------------------------------------------------------+-----
Spellcasting   | 5 6 7 8 9 10 11 12 13 14 15 16 17 25 | 25.0
Invocations    | 1 2 3 4 5 6 7 8 9 10 11 12 13 14 15 16 17 18 26 | 26.4
Short Blades   | 1 2 3 4 5 6 7 8 9 10 11 12 13 14 15 16 17 24 | 24.7
Long Blades    | 1 2 3 4 5 6 7 8 9 10 11 12 13 14 15 16 17 24 | 24.7
Axes           | 1 2 3 4 5 6 7 8 9 10 11 12 13 14 15 16 17 24 | 24.7
Maces & Flails | 1 2 3 4 5 6 7 8 9 10 11 12 13 14 15 16 17 24 | 24.7
Polearms       | 1 2 3 4 5 6 7 8 9 10 11 12 13 14 15 16 17 24 | 24.7
Staves         | 1 2 3 4 5 6 7 8 9 10 11 12 13 14 15 16 17 24 | 24.7
Slings         | 1 2 3 4 5 6 7 8 9 10 11 12 13 14 15 16 17 24 | 24.7
Bows           | 1 2 3 4 5 6 7 8 9 10 11 12 13 14 15 16 17 24 | 24.7
Dodging        | 1 2 3 4 5 6 7 8 9 10 11 12 13 14 15 16 17 18 27 | 27.0
Shields        | 1 2 3 4 5 6 7 8 9 10 11 12 13 14 15 16 17 24 | 24.7
Unarmed Combat | 1 2 3 4 5 6 7 8 9 10 11 12 13 14 15 16 17 27 | 27.0
Evocations     | 1 2 3 4 5 6 7 8 9 10 11 12 13 14 15 16 17 24 | 24.7
Conjurations   | 1 2 3 4 5 6 7 8 9 10 11 12 13 14 21 | 21.5
Hexes          | 1 2 3 4 5 6 7 8 9 10 11 12 13 14 21 | 21.5
Summonings     | 1 2 3 4 5 6 7 8 9 10 11 12 13 14 21 | 21.5
Necromancy     | 1 2 3 4 5 6 7 8 9 10 11 12 13 14 21 | 21.5
Translocations | 1 2 3 4 5 6 7 8 9 10 11 12 13 14 21 | 21.5
Transmutations | 1 2 3 4 5 6 7 8 9 10 11 12 13 14 21 | 21.5
Fire Magic     | 1 2 3 4 5 6 7 8 9 10 11 12 13 14 21 | 21.5
Air Magic      | 1 2 3 4 5 6 7 8 9 10 11 12 13 14 21 | 21.5
Earth Magic    | 1 2 3 4 5 6 7 8 9 10 11 12 13 14 21 | 21.5
Poison Magic   | 1 2 3 4 5 6 7 8 9 10 11 12 13 14 21 | 21.5
Fighting       | 3 4 5 6 7 8 9 10 11 12 13 14 15 16 17 24 | 24.8
Crossbows      | 3 4 5 6 7 8 9 10 11 12 13 14 15 16 17 24 | 24.8
Throwing       | 3 4 5 6 7 8 9 10 11 12 13 14 15 16 17 24 | 24.8
Armour         | 3 4 5 6 7 8 9 10 11 12 13 14 15 16 17 27 | 27.0
Stealth        | 3 4 5 6 7 8 9 10 11 12 13 14 15 16 17 24 | 24.8
Ice Magic      | 6 7 8 9 10 11 12 13 14 15 22 | 22.0

Action                   |  1- 3 |  4- 6 |  7- 9 | 10-12 | 13-15 | 16-18 | 19-21 | 22-24 | 25-27 || total
-------------------------+-------+-------+-------+-------+-------+-------+-------+-------+-------++-------
Melee: Dagger            |     8 |       |       |    11 |       |       |       |       |       ||    19
       Trident           |    19 |    74 |   135 |    66 |       |       |       |       |       ||   294
       Bite              |     1 |     4 |    12 |     6 |    11 |    32 |    64 |    53 |   368 ||   551
       Long sword        |       |       |       |    26 |     3 |       |       |       |       ||    29
       Hunting sling     |       |       |       |     1 |       |       |       |       |       ||     1
       Rapier            |       |       |       |       |   154 |   236 |    16 |    33 |    32 ||   471
       Unarmed           |       |       |       |       |       |   254 |   206 |       |  3408 ||  3868
       Staff             |       |       |       |       |       |    86 |   253 |       |       ||   339
       Demon trident     |       |       |       |       |       |       |   332 |   783 |   573 ||  1688
       Eudemon blade     |       |       |       |       |       |       |       |       |   287 ||   287
       Headbutt          |       |       |       |       |       |       |       |       |    21 ||    21
 Fire: Hand crossbow     |     5 |     8 |     4 |       |   505 |       |       |       |       ||   522
       Hunting sling     |       |       |       |   418 |   212 |       |       |       |       ||   630
       Fustibalus        |       |       |       |       |       |       |    66 |       |       ||    66
Throw: Stone             |       |       |     1 |       |       |       |       |       |       ||     1
       Javelin           |       |       |       |       |       |       |       |       |    57 ||    57
 Cast: Freeze            |    12 |       |       |       |     2 |       |       |       |       ||    14
       Frozen Ramparts   |    10 |    12 |    25 |    38 |    55 |     7 |     4 |     5 |       ||   156
       Ozocubu's Armour  |     1 |     6 |    11 |    18 |    23 |     1 |       |       |       ||    60
       Inner Flame       |       |       |    20 |    44 |    28 |     4 |    34 |    13 |     4 ||   147
       Animate Skeleton  |       |       |       |     2 |     4 |       |       |       |       ||     6
       Borgnjor's Vile C |       |       |       |     9 |    52 |    28 |    19 |    25 |   116 ||   249
       Portal Projectile |       |       |       |       |     4 |       |       |       |       ||     4
       Ignite Poison     |       |       |       |       |    52 |     4 |       |       |       ||    56
       Sticky Flame      |       |       |       |       |    14 |     7 |    10 |    15 |    13 ||    59
       Apportation       |       |       |       |       |    24 |     3 |     5 |    25 |    49 ||   106
       Invisibility      |       |       |       |       |     7 |    12 |     4 |     3 |     3 ||    29
       Olgreb's Toxic Ra |       |       |       |       |     3 |     9 |       |       |       ||    12
       Statue Form       |       |       |       |       |       |    59 |    89 |    72 |   396 ||   616
       Ozocubu's Refrige |       |       |       |       |       |    61 |   107 |    75 |   296 ||   539
       Lee's Rapid Decon |       |       |       |       |       |     3 |    10 |    15 |    49 ||    77
       Spellforged Servi |       |       |       |       |       |       |       |     4 |    27 ||    31
       Lehudib's Crystal |       |       |       |       |       |       |       |     3 |    70 ||    73
       Ignition          |       |       |       |       |       |       |       |       |   241 ||   241
       Manifold Assault  |       |       |       |       |       |       |       |       |   148 ||   148
       Lesser Beckoning  |       |       |       |       |       |       |       |       |    36 ||    36
       Shatter           |       |       |       |       |       |       |       |       |    32 ||    32
       Passage of Golubr |       |       |       |       |       |       |       |       |    17 ||    17
       Blink             |       |       |       |       |       |       |       |       |     1 ||     1
Invok: Recall Ancestor   |       |     1 |       |     2 |     2 |     2 |       |     3 |    18 ||    28
       Ancestor Life: He |       |     1 |       |       |       |       |       |       |       ||     1
       Idealise          |       |       |       |     2 |     1 |     3 |     1 |       |    18 ||    25
       Transference      |       |       |       |     1 |     1 |     2 |       |       |     6 ||    10
 Abil: End Transformatio |       |       |       |       |       |       |       |     1 |     7 ||     8
Evoke: Wand              |       |       |     2 |    33 |       |     4 |       |     1 |    22 ||    62
       Phial of floods   |       |       |       |       |     2 |     3 |       |     1 |     2 ||     8
       Phantom mirror    |       |       |       |       |     2 |     2 |       |     2 |    14 ||    20
       Condenser vane    |       |       |       |       |       |     1 |       |     1 |     4 ||     6
       Box of beasts     |       |       |       |       |       |       |       |     2 |    12 ||    14
       Tin of tremorston |       |       |       |       |       |       |       |     2 |     5 ||     7
       Lightning rod     |       |       |       |       |       |       |       |       |     4 ||     4
       Horn of Geryon    |       |       |       |       |       |       |       |       |     7 ||     7
       Staff of Dispater |       |       |       |       |       |       |       |       |     2 ||     2
       Sceptre of Asmode |       |       |       |       |       |       |       |       |     1 ||     1
  Use: Scroll            |       |       |     7 |    10 |    10 |    11 |     7 |     5 |    51 ||   101
       Potion            |       |       |       |       |       |     1 |       |       |    34 ||    35
 Stab: Sleeping          |       |     9 |     5 |     4 |     7 |    19 |    25 |    12 |    54 ||   135
       Distracted        |       |     1 |     2 |     1 |     1 |     2 |     6 |     5 |    91 ||   109
       Confused          |       |       |     2 |       |     2 |     5 |    42 |    37 |   158 ||   246
       Paralysed         |       |       |       |     2 |     8 |    30 |    77 |    51 |   192 ||   360
       Invisible         |       |       |       |       |    15 |    33 |     7 |     4 |     3 ||    62
       Held in net/web   |       |       |       |       |       |       |     1 |       |       ||     1
Armor: Robe              |     6 |     9 |     1 |       |       |       |       |       |       ||    16
       Leather armour    |       |       |    19 |    70 |   106 |    39 |    13 |     3 |    41 ||   291
       Skin              |       |       |       |       |       |   394 |   446 |   250 |  1158 ||  2248
Dodge: Dodged            |    15 |    35 |    54 |    79 |   190 |   573 |   566 |   315 |  1566 ||  3393
       Repelled          |       |       |       |       |       |       |     7 |       |       ||     7
Block: Buckler           |       |       |    12 |    34 |    64 |   261 |    99 |       |       ||   470
       Kite shield       |       |       |       |       |       |       |   292 |   391 |  1588 ||  2271
       Reflection        |       |       |       |       |       |       |       |       |    87 ||    87
       Tower shield      |       |       |       |       |       |       |       |       |  2740 ||  2740
       Rpst.: Long sword |       |       |       |     6 |     1 |       |       |       |       ||     7
       Eudemon blade     |       |       |       |       |       |       |       |       |    18 ||    18
